Workbook

Sheet CY 2019
B1: Member | C1: Email Address | D1: Agency | E1: 2019 Paid Member | F1: Points Earned 2018 | G1: Value of Scholarship Points | H1: Amount of Scholarship | J1: 2018 Carry Forward (Bal. end of 2018) | K1: Total (Carry forward plus Current) | L1: Scholarship Used | M1: 2019 Balance | N1: Amount Deferred | O1: Deferment Form Rec'd | P1: 2019 Deferment Processed | Q1: No Deferment - Lost
A2: 1 | B2: Member 1 | C2: m1@gmail.com | D2: CFC NIGP | E2: x | F2: 465 | G2: 1.91 | H2: =SUM(F2)*G2 -> 888.15 | J2: 2760.25 | K2: =SUM(H2+J2) -> 3648.4 | L2: 366.4 | M2: =SUM(K2-L2) -> 3282 | O2: X | P2: 3282 | Q2: 0
A3: 2 | B3: Member 2 | C3: m2@gmail.com | D3: CFC NIGP | E3: x | F3: 930 | G3: 1.91 | H3: =SUM(F3)*G3 -> 1776.3 | J3: 774.16 | K3: =SUM(H3+J3) -> 2550.46 | L3: 590 | M3: =SUM(K3-L3) -> 1960.46 | O3: X | P3: 1960.46 | Q3: 0
A4: 3 | B4: Member 3 | C4: m3@gmail.com | D4: CFC NIGP | E4: X | F4: 375 | G4: 1.91 | H4: =SUM(F4)*G4 -> 716.25 | J4: 3383.92 | K4: =SUM(H4+J4) -> 4100.17 | L4: 2581.49 | M4: =SUM(K4-L4) -> 1518.68 | O4: X | P4: 1518.68 | Q4: 0
A5: 4 | B5: Member 4 | C5: m4@gmail.com | D5: CFC NIGP | E5: x | F5: 265 | G5: 1.91 | H5: =SUM(F5)*G5 -> 506.15 | J5: 1010.3 | K5: =SUM(H5+J5) -> 1516.45 | L5: 0 | M5: =SUM(K5-L5) -> 1516.45 | P5: 0 | Q5: 1516.45
F6: =SUM(F3:F5) -> 1570 | H6: =SUM(H3:H5) -> 2998.7 | J6: =SUM(J3:J5) -> 5168.38 | K6: =SUM(K3:K5) -> 8167.08 | M6: =SUM(M3:M5) -> 4995.59 | P6: =SUM(P3:P5) -> 3479.14 | Q6: =SUM(Q3:Q5) -> 1516.45
D9: Total Scholarship Dollars Approved to be distributed | F9: 35000
D10: Total Points Originally calculated | F10: 18533
D11: Total Scholarship Dollars Originally distributed | F11: 35398.03
D12: Dollar Value of each Point | F12: =F11/F10 -> 1.91
D13: Total Points Calculated AS REVISED | F13: 18728
D14: Total Scholarship Dollars Distributed AS REVISED | F14: 35770.48

Sheet 2019Usage
A1: # | B1: Member Name | C1: Total | D1: Desc | E1: Spent $ | F1: Desc | G1: Spent $ | H1: Desc | I1: Spent $ | J1: Desc | K1: Spent $ | L1: Desc | M1: Spent $ | N1: Desc | O1: Spent $ | P1: Desc | Q1: Spent $ | R1: Desc | S1: Spent $ | T1: Desc | U1: Spent $
A2: 1 | B2: Member 1 | C2: =SUM(E2)+G2+I2+K2+M2+O2+Q2+S2+U2 -> 366.4 | D2: CFC NIGP 3/15/19 Spring Seminar | E2: 50 | F2: FAPPO Board Mting and Conf May 12-16, 2019 Hotel, per diem, mileage | G2: 316.4
A3: 2 | B3: Member 2 | C3: =SUM(E3)+G3+I3+K3+M3+O3+Q3+S3+U3 -> 590 | D3: CPPO Prep Class March 9-10, 2020, Kissimmee | E3: 400 | F3: NIGP National Membership | G3: 190
A4: 3 | B4: Member 3 | C4: =SUM(E4)+G4+I4+K4+M4+O4+Q4+S4+U4 -> 2581.49 | D4: FAPPO 2019 Board Meeting, Jan 31-Feb 1, 2019 | E4: 250.04 | F4: UPPCC Recert 2019 | G4: 350 | H4: FAPPO Board Mting and Conf May 12-16, 2019 Hotel, per diem, mileage, parking | I4: 773.4 | J4: NIGP FORUM Aug 2019 per diem and hotel | K4: 1055.4 | L4: FAPPO Board Mting Oct 27, 2019 Hotel, per diem, mileage | M4: 343.65 | N4: CFC Manager of the Year Award - ADD 100 Points @ $1.91/point | O4: -191

Sheet CY 2018
B1: Member | C1: Email Address | D1: Agency | E1: 2014 Paid Member | F1: Points Earned 2017 | G1: Value of Scholarship Points | H1: Amount of Scholarship | J1: 2017 Carry Forward (Bal. end of 2017) | K1: Total (Carry forward plus Current) | L1: Scholarship Used | M1: 2018 Balance | N1: Amount Deferred | O1: Deferment Form Rec'd | P1: 2018 Deferment Processed | Q1: No Deferment - Lost
A2: 1 | B2: Member 1 | C2: m1@gmail.com | D2: CFC NIGP | F2: 940 | G2: 1.46 | H2: =(F2*G2) -> 1372.4 | J2: 1387.85 | K2: =SUM(H2+J2) -> 2760.25 | M2: =SUM(K2-L2) -> 2760.25 | O2: X | P2: 2760.25
A3: =A2+1 -> 2 | B3: Member 2 | C3: m2@gmail.com | D3: CFC NIGP | F3: 290 | G3: 1.46 | H3: =(F3*G3) -> 423.4 | J3: 1837.8954 | K3: =SUM(H3+J3) -> 2261.2954 | L3: 1487.14 | M3: =SUM(K3-L3) -> 774.15542 | O3: x | P3: 774.16
A4: 3 | B4: Member 3 | C4: m3@gmail.com | D4: CFC NIGP | F4: 390 | G4: 1.46 | H4: =(F4*G4) -> 569.4 | J4: 3586.348 | K4: =SUM(H4+J4) -> 4155.748 | L4: 771.83 | M4: =SUM(K4-L4) -> 3383.918 | O4: x | P4: 3383.92
F5: =SUM(F2:F4) -> 1620 | H5: =SUM(H2:H4) -> 2365.2 | J5: =SUM(J2:J4) -> 6812.0934 | K5: =SUM(K2:K4) -> 9177.2934 | M5: =SUM(M2:M4) -> 6918.3234 | P5: =SUM(P2:P4) -> 6918.33 | Q5: =SUM(Q2:Q4) -> 0
D7: Total Points | F7: 20810
D8: Total Scholarship Dollars Available | F8: 30382.6
D9: Dollar Value of each Point | F9: =F8/F7 -> 1.46

Sheet 2018Usage
A1: # | B1: Member Name | C1: Total | D1: Desc | E1: Spent $ | F1: Desc | G1: Spent $ | H1: Desc | I1: Spent $ | J1: Desc | K1: Spent $ | L1: Desc | M1: Spent $ | N1: Desc | O1: Spent $ | P1: Desc | Q1: Spent $ | R1: Desc | S1: Spent $ | T1: Desc | U1: Spent $
A2: 1 | B2: Member 1 | C2: =SUM(E2)+G2+I2+K2+M2+O2+Q2+S2+U2 -> 0
A3: 2 | B3: Member 2 | C3: =SUM(E3)+G3+I3+K3+M3+O3+Q3+S3+U3 -> 1487.14 | D3: FAPPO Conf Registration 05-22-18 to 05-25-18 | E3: 100 | F3: NIGP Forum Airfare Aug 18-22, 2018 Southwest Airlines | G3: 181.86 | H3: FAPPO Conf Travel per diem 05-23-18 to 05-25-18 | I3: 65.5 | J3: NIGP Forum Aug 18-22, 2018 Travel and per diem | K3: 297.71 | L3: NIGP FEMA Class July 9-10, 2018 | M3: 560 | N3: NIGP FORUM and FEMA class expenses Aug and July 2018 | O3: 137.3 | P3: 2018 CFC NIGP Travel Expenses | Q3: 144.77
A4: 3 | B4: Member 3 | C4: =SUM(E4)+G4+I4+K4+M4+O4+Q4+S4+U4 -> 771.83 | D4: NIGP Class -Contracting with Federal Funds Advanced November 6-7, 2017 at City of Palm Bay | E4: 510 | F4: FAPPO Conf Hotel Room 05-22-18 to 05-25-18 | G4: 261.83

Sheet CY 2013
B1: Member | C1: Email Address | D1: Agency | E1: 2013 Paid Member | F1: Points Earned 2013 | G1: Value of Scholarship Points | H1: Amount of Scholarship | J1: 2012 Carry Forward | K1: Total (Carry forward plus current) | L1: Scholarship Used | M1: Balance | N1: Amount Deferred | O1: Comments
A2: 1 | B2: Ackley-Danielson, Julie | C2: Julie.Ackley-Danielson@ocfl.net | D2: Orange County | F2: 325 | G2: =$F$87 -> 1 | H2: =F2*G2 -> 325 | J2: 2.98 | K2: =J2+H2 -> 327.98 | M2: =K2-L2 -> 327.98 | N2: =M2 -> 327.98
A3: =A2+1 -> 2 | B3: Alvarez, Jill | C3: jalvarez@lakemaryfl.com | D3: City of Lake Mary | G3: =$F$87 -> 1 | H3: =F3*G3 -> 0 | J3: 96.8 | K3: =J3+H3 -> 96.8 | M3: =K3-L3 -> 96.8
A4: =A3+1 -> 3 | B4: Alvarez, Maria | C4: maria.alvarez@ocfl.net | D4: Orange County | F4: 249 | G4: =$F$87 -> 1 | H4: =F4*G4 -> 249 | J4: 934.78 | K4: =J4+H4 -> 1183.78 | M4: =K4-L4 -> 1183.78 | N4: =M4 -> 1183.78
A5: =A4+1 -> 4 | B5: Barden, Juanita | C5: bardej@pbfl.org | D5: City of Palm Bay | F5: 322 | G5: =$F$87 -> 1 | H5: =F5*G5 -> 322 | J5: 70.29 | K5: =J5+H5+500 -> 892.29 | M5: =K5-L5 -> 892.29 | N5: =M5 -> 892.29 | O5: 3/21/14 +$500 Nancy Woodger Scholarship; NW Permitted to ROLL into 2015 by Majority vote of the BOD.
A6: =A5+1 -> 5 | B6: Bergman, Sally A. | C6: sally.bergman@ocfl.net | D6: Orange County | G6: =$F$87 -> 1 | H6: =F6*G6 -> 0 | J6: 707.95 | K6: =J6+H6 -> 707.95 | L6: 707.95 | M6: =K6-L6 -> 0 | N6: =M6 -> 0 | O6: 5/28/14 2014 Forum
A7: =A6+1 -> 6 | B7: Billingsley, David M. | C7: david.billingsley@cityoforlando.net | D7: City of Orlando | F7: 247 | G7: =$F$87 -> 1 | H7: =F7*G7 -> 247 | J7: 42.82 | K7: =J7+H7 -> 289.82 | M7: =K7-L7 -> 289.82 | N7: =M7 -> 289.82
A8: =A7+1 -> 7 | B8: Blair, Susan | C8: blairs@pbfl.org | D8: City of Palm Bay | F8: 579 | G8: =$F$87 -> 1 | H8: =F8*G8 -> 579 | J8: 1176.1 | K8: =J8+H8 -> 1755.1 | L8: 149.85 | M8: =K8-L8 -> 1605.25 | N8: =M8 -> 1605.25 | O8: 3/6/14 FAPPO $149.85
A9: =A8+1 -> 8 | B9: Blanton, Reba | C9: rblanton@cityofwinterpark.org | D9: City of Winter Park | G9: =$F$87 -> 1 | H9: =F9*G9 -> 0 | J9: 147.46 | K9: =J9+H9 -> 147.46 | M9: =K9-L9 -> 147.46
A10: =A9+1 -> 9 | B10: Bradley, Robert | C10: rbradley02@seminolecountyfl.gov | D10: Seminole County Gov't | F10: 207 | G10: =$F$87 -> 1 | H10: =F10*G10 -> 207 | J10: 439.05 | K10: =J10+H10 -> 646.05 | L10: 646.05 | M10: =K10-L10 -> 0 | N10: =M10 -> 0 | O10: 10/3/14 Strategic Procurment in Public Sector
A11: =A10+1 -> 10 | B11: Brown-Gordon, Courtney | C11: gordonc@oocea.com | D11: Orlando-Orange County Expressway | F11: 250 | G11: =$F$87 -> 1 | H11: =F11*G11 -> 250 | J11: 309.15 | K11: =J11+H11 -> 559.15 | M11: =K11-L11 -> 559.15 | N11: =M11 -> 559.15
A12: =A11+1 -> 11 | B12: Calkins, Fatima | C12: fcalkins@goaa.org | D12: GOAA | F12: 825 | G12: =$F$87 -> 1 | H12: =F12*G12 -> 825 | J12: 1419.73 | K12: =J12+H12 -> 2244.73 | L12: =187.61+149.95+1143.45 -> 1481.01 | M12: =K12-L12 -> 763.72 | N12: =M12 -> 763.72 | O12: 2/6/14FAPPO $149.85; FAPPO Mileage $187.61; 2014 Forum $1,143.45
A13: =A12+1 -> 12 | B13: Carter, Kyle | C13: kyle.carter@osceola.org | D13: Osceola County BCC | F13: 175 | G13: =$F$87 -> 1 | H13: =F13*G13 -> 175 | J13: 0 | K13: =J13+H13 -> 175 | M13: =K13-L13 -> 175 | N13: =M13 -> 175
A14: =A13+1 -> 13 | B14: Caudill, Kelley | C14: Caudill.Kelley@brevardschools.org | D14: Brevard County Public Schools | G14: =$F$87 -> 1 | H14: =F14*G14 -> 0 | J14: 101 | K14: =J14+H14 -> 101 | M14: =K14-L14 -> 101
A15: =A14+1 -> 14 | B15: Cohen, Betsy | C15: bcohen@seminolecountyfl.gov | D15: Seminole County Gov't | G15: =$F$87 -> 1 | H15: =F15*G15 -> 0 | J15: 434.3 | K15: =J15+H15 -> 434.3 | M15: =K15-L15 -> 434.3 | N15: =M15 -> 434.3
A16: =A15+1 -> 15 | B16: DeRostaing, Authur (Dino) | C16: aderostaing@goaa.org | D16: GOAA | F16: 327 | G16: =$F$87 -> 1 | H16: =F16*G16 -> 327 | J16: 18.43 | K16: =J16+H16 -> 345.43 | M16: =K16-L16 -> 345.43 | N16: =M16 -> 345.43
A17: =A16+1 -> 16 | B17: Durrum II, Anthony | C17: adurrum@cityofwinterpark.org | D17: City of Winter Park | G17: =$F$87 -> 1 | H17: =F17*G17 -> 0 | J17: 298.15 | K17: =J17+H17 -> 298.15 | L17: 200 | M17: =K17-L17 -> 98.15 | O17: 8/7/14 Recertification
A18: =A17+1 -> 17 | B18: Elzy, Karen | C18: karen.elzy@cityoforlando.net | D18: City of Orlando | F18: 140 | G18: =$F$87 -> 1 | H18: =F18*G18 -> 140 | J18: 381.6 | K18: =J18+H18 -> 521.6 | M18: =K18-L18 -> 521.6 | N18: =M18 -> 521.6
A19: =A18+1 -> 18 | B19: Ferrier, Brian | C19: brian.ferrier@cityoforlando.net | D19: Florida Dept. of Corrections | F19: 146 | G19: =$F$87 -> 1 | H19: =F19*G19 -> 146 | J19: 470.62 | K19: =J19+H19 -> 616.62 | M19: =K19-L19 -> 616.62 | N19: =M19 -> 616.62
A20: =A19+1 -> 19 | B20: Figueroa, Leticia | C20: lfigueroa@seminolecountyfl.gov | D20: Seminole County Gov't | F20: 80 | G20: =$F$87 -> 1 | H20: =F20*G20 -> 80 | J20: 205.95 | K20: =J20+H20 -> 285.95 | M20: =K20-L20 -> 285.95 | N20: =M20 -> 285.95
A21: =A20+1 -> 20 | B21: Flick, Joanne | C21: flickj@codb.us | D21: City of Daytona Beach | G21: =$F$87 -> 1 | H21: =F21*G21 -> 0 | J21: 205.5 | K21: =J21+H21 -> 205.5 | M21: =K21-L21 -> 205.5 | N21: =M21 -> 205.5
A22: =A21+1 -> 21 | B22: Freedman, Tabatha | C22: tfreedman@volusia.org | D22: County of Volusia | F22: 242 | G22: =$F$87 -> 1 | H22: =F22*G22 -> 242 | J22: 0 | K22: =J22+H22 -> 242 | M22: =K22-L22 -> 242 | N22: =M22 -> 242
A23: =A22+1 -> 22 | B23: Frias, Liz | C23: liz.frias@occc.net | D23: Orange County BCC | F23: 105 | G23: =$F$87 -> 1 | H23: =F23*G23 -> 105 | J23: 0 | K23: =J23+H23 -> 105 | M23: =K23-L23 -> 105 | N23: =M23 -> 105
A24: =A23+1 -> 23 | B24: Gant, Bruce | C24: bgant@goaa.org | D24: GOAA | G24: =$F$87 -> 1 | H24: =F24*G24 -> 0 | J24: 427.3 | K24: =J24+H24 -> 427.3 | M24: =K24-L24 -> 427.3 | N24: =M24 -> 427.3
A25: =A24+1 -> 24 | B25: Garcia, Gloria | C25: ggarcia@seminolecountyfl.gov | D25: Seminole County Gov't | F25: 320 | G25: =$F$87 -> 1 | H25: =F25*G25 -> 320 | J25: 0 | K25: =J25+H25 -> 320 | L25: =200+75 -> 275 | M25: =K25-L25 -> 45 | O25: 03/31/14 CPPB Recertification $200; 10/21/14 FAPPO registration
A26: =A25+1 -> 25 | B26: Gaskins, Donald | C26: donald.gaskins@osceola.org | D26: Osceola County BCC | F26: 160 | G26: =$F$87 -> 1 | H26: =F26*G26 -> 160 | J26: 19.45 | K26: =J26+H26 -> 179.45 | M26: =K26-L26 -> 179.45 | N26: =M26 -> 179.45
A27: =A26+1 -> 26 | B27: Geltch, Wendy | C27: wgeltch@hotmail.com | D27: Polk State College (Retired) | F27: 508 | G27: =$F$87 -> 1 | H27: =F27*G27 -> 508 | J27: 0 | K27: =J27+H27 -> 508 | L27: 502.18 | M27: =K27-L27 -> 5.82 | N27: =M27 -> 5.82 | O27: 12/15 FAPPO FALL
A28: =A27+1 -> 27 | B28: Gordon, Dorothy | C28: dorothy.gordon@ocfl.net | D28: Orange County | F28: 220 | G28: =$F$87 -> 1 | H28: =F28*G28 -> 220 | J28: 372.25 | K28: =J28+H28 -> 592.25 | M28: =K28-L28 -> 592.25 | N28: =M28 -> 592.25
A29: =A28+1 -> 28 | B29: Graham, Jessica | C29: Jgraham@altamonte.org | D29: University of Central Florida | G29: =$F$87 -> 1 | H29: =F29*G29 -> 0 | J29: 131.3 | K29: =J29+H29 -> 131.3 | M29: =K29-L29 -> 131.3 | N29: =M29 -> 131.3
A30: =A29+1 -> 29 | B30: Henzmann, Wil | C30: henzmann.william@brevardschools.org | D30: Brevard County Public Schools | F30: 115 | G30: =$F$87 -> 1 | H30: =F30*G30 -> 115 | J30: 16.9 | K30: =J30+H30 -> 131.9 | L30: 131.9 | M30: =K30-L30 -> 0 | N30: =M30 -> 0 | O30: 12/12/14 CPPB Exam
A31: =A30+1 -> 30 | B31: Hewitt, Carol | C31: carol.hewitt@ocfl.net | D31: Orange County | F31: 127 | G31: =$F$87 -> 1 | H31: =F31*G31 -> 127 | J31: 187.89 | K31: =J31+H31 -> 314.89 | M31: =K31-L31 -> 314.89 | N31: =M31 -> 314.89
A32: =A31+1 -> 31 | B32: Hobbs, Patrice (Patty) | C32: patty.hobbs@ocfl.net | D32: Orange County | G32: =$F$87 -> 1 | H32: =F32*G32 -> 0 | J32: 153.15 | K32: =J32+H32 -> 153.15 | M32: =K32-L32 -> 153.15 | N32: =M32 -> 153.15
A33: =A32+1 -> 32 | B33: Holcomb, Susan | C33: susan.holcomb@ocfl.net | D33: Orange County | F33: 12 | G33: =$F$87 -> 1 | H33: =F33*G33 -> 12 | J33: 64.64 | K33: =J33+H33 -> 76.64 | M33: =K33-L33 -> 76.64
A34: =A33+1 -> 33 | B34: Holmes, Felicia | C34: fholmes@tohowater.com | D34: Toho Water Authority | F34: 325 | G34: =$F$87 -> 1 | H34: =F34*G34 -> 325 | J34: 0 | K34: =J34+H34 -> 325 | M34: =K34-L34 -> 325 | N34: =M34 -> 325
A35: =A34+1 -> 34 | B35: Hooper, Ray | C35: rhooper@seminolecountyfl.gov | D35: Seminole County Gov't | G35: =$F$87 -> 1 | H35: =F35*G35 -> 0 | J35: 240.9 | K35: =J35+H35 -> 240.9 | M35: =K35-L35 -> 240.9 | N35: =M35 -> 240.9
A36: =A35+1 -> 35 | B36: Jessee, Cheryl | C36: jesseec@osceola.k12.fl.us | D36: Osceola County School District | G36: =$F$87 -> 1 | H36: =F36*G36 -> 0 | J36: 217.3 | K36: =J36+H36 -> 217.3 | M36: =K36-L36 -> 217.3 | N36: =M36 -> 217.3
A37: =A36+1 -> 36 | B37: Johnson, Robert | C37: johnsonr@oocea.com | D37: Orlando-Orange County Expressway | F37: 304 | G37: =$F$87 -> 1 | H37: =F37*G37 -> 304 | J37: 1482 | K37: =J37+H37 -> 1786 | M37: =K37-L37 -> 1786 | N37: =M37 -> 1786
A38: =A37+1 -> 37 | B38: Jones, Crystal | C38: jones.crystal@brevardschools.org | D38: Brevard County Public Schools | F38: 175 | G38: =$F$87 -> 1 | H38: =F38*G38 -> 175 | J38: 90.9 | K38: =J38+H38 -> 265.9 | L38: 250 | M38: =K38-L38 -> 15.9 | O38: 3/10/14- CPPB Exam $250.00
A39: =A38+1 -> 38 | B39: Jones, Jennifer | C39: jjones@cityofwinterpark.org | D39: City of Winter Park | F39: 298 | G39: =$F$87 -> 1 | H39: =F39*G39 -> 298 | J39: 797.27 | K39: =J39+H39 -> 1095.27 | L39: =349.55+320.88+145+131.63 -> 947.06 | M39: =K39-L39 -> 148.21 | N39: =M39 -> 148.21 | O39: 3/12/14- FAPPO $349.55 & FAPPO Per Diem $320.88; $145 CPPO Book; 04/28/14 FAPPO Car Rental $131.63
A40: =A39+1 -> 39 | B40: Jones, Rebecca | C40: rjon2@osceola.org | D40: Osceola County | F40: 110 | G40: =$F$87 -> 1 | H40: =F40*G40 -> 110 | J40: 0 | K40: =J40+H40 -> 110 | M40: =K40-L40 -> 110 | N40: =M40 -> 110
A41: =A40+1 -> 40 | B41: Kane, Denise | C41: Kane.Denise@brevardschools.org | D41: Brevard County Public Schools | F41: 90 | G41: =$F$87 -> 1 | H41: =F41*G41 -> 90 | J41: 0 | K41: =J41+H41 -> 90 | M41: =K41-L41 -> 90
A42: =A41+1 -> 41 | B42: Kesecker, Lisa | C42: keseckel@osceola.k12.fl.us | D42: Osceola County School District | F42: 206 | G42: =$F$87 -> 1 | H42: =F42*G42 -> 206 | J42: 387.84 | K42: =J42+H42 -> 593.84 | L42: =225.12+349.55 -> 574.67 | M42: =K42-L42 -> 19.17 | N42: =M42 -> 19.17 | O42: 2/24/14 FAPPO $349.55 & FAPPO Per Diem $225.12
A43: =A42+1 -> 42 | B43: Lawter, Leslie | C43: Lawter.Leslie@Brevardschools.org | D43: Brevard County Public Schools | F43: 190 | G43: =$F$87 -> 1 | H43: =F43*G43 -> 190 | J43: 282.8 | K43: =J43+H43 -> 472.8 | L43: 425 | M43: =K43-L43 -> 47.8 | N43: =M43 -> 47.8 | O43: 12/15 UPPCC Certification
A44: =A43+1 -> 43 | B44: Lehosit, Erica | C44: erica.lehosit@ocfl.net | D44: Orange County | G44: =$F$87 -> 1 | H44: =F44*G44 -> 0 | J44: 545.59 | K44: =J44+H44 -> 545.59 | M44: =K44-L44 -> 545.59
A45: =A44+1 -> 44 | B45: Maldonado, Anthony | C45: amaldonado@seminolecountyfl.gov | D45: Seminole County Gov't | F45: 195 | G45: =$F$87 -> 1 | H45: =F45*G45 -> 195 | J45: 12.42 | K45: =J45+H45 -> 207.42 | M45: =K45-L45 -> 207.42 | N45: =M45 -> 207.42
A46: =A45+1 -> 45 | B46: Maloof, Windy | C46: wmaloof@ourorangecity.com | D46: City of Orange City | F46: 105 | G46: =$F$87 -> 1 | H46: =F46*G46 -> 105 | J46: 0 | K46: =J46+H46 -> 105 | L46: 75 | M46: =K46-L46 -> 30 | N46: =M46 -> 30 | O46: 11/5/14 NIGP Membership
A47: =A46+1 -> 46 | B47: Marrozos, Gladys | C47: gmarrozos@seminolecountyfl.gov | D47: Seminole County Gov't | F47: 240 | G47: =$F$87 -> 1 | H47: =F47*G47 -> 240 | J47: 23.7 | K47: =J47+H47 -> 263.7 | M47: =K47-L47 -> 263.7 | N47: =M47 -> 263.7
A48: =A47+1 -> 47 | B48: Marsala, Bobbye | C48: marsab@pbfl.org | D48: City of Palm Bay | F48: 386 | G48: =$F$87 -> 1 | H48: =F48*G48 -> 386 | J48: 175.08 | K48: =J48+H48 -> 561.08 | L48: 300 | M48: =K48-L48 -> 261.08 | N48: =M48 -> 261.08 | O48: 05/06/14 CPPO/B Recertification $300
A49: =A48+1 -> 48 | B49: McClary, Althea | C49: mcclaryd@oocea.com | D49: Orlando-Orange County Expressway | F49: 40 | G49: =$F$87 -> 1 | H49: =F49*G49 -> 40 | J49: 0 | K49: =J49+H49 -> 40 | M49: =K49-L49 -> 40 | N49: =M49 -> 40
A50: =A49+1 -> 49 | B50: McCorkle, Theodora | C50: teddi.mccorkle@cityoforlando.net | D50: City of Orlando | G50: =$F$87 -> 1 | H50: =F50*G50 -> 0 | J50: 397.67 | K50: =J50+H50 -> 397.67 | M50: =K50-L50 -> 397.67 | N50: =M50 -> 397.67
A51: =A50+1 -> 50 | B51: Melo, Rolando | C51: rolando.melo@ocfl.net | D51: Orange County | F51: 55 | G51: =$F$87 -> 1 | H51: =F51*G51 -> 55 | J51: 222.2 | K51: =J51+H51 -> 277.2 | L51: 135 | M51: =K51-L51 -> 142.2 | N51: =M51 -> 142.2 | O51: 04/29/14 CPPB Online Assessment $135
A52: =A51+1 -> 51 | B52: Menchan, Valerie | C52: valerie.miller-menchan@ocfl.net | D52: Orange County | G52: =$F$87 -> 1 | H52: =F52*G52 -> 0 | J52: 323.2 | K52: =J52+H52 -> 323.2 | M52: =K52-L52 -> 323.2
A53: =A52+1 -> 52 | B53: Millan, Zulay | C53: zulay.millan@ocfl.net | D53: Orange County | F53: 780 | G53: =$F$87 -> 1 | H53: =F53*G53 -> 780 | J53: 286.67 | K53: =J53+H53 -> 1066.67 | L53: =135+163.59 -> 298.59 | M53: =K53-L53 -> 768.08 | N53: =M53 -> 768.08 | O53: 03/26/14 CPPO Online Assessment Tool $135; 4/12/14 FAPPO Rental Car $163.59
A54: =A53+1 -> 53 | B54: Miller, Teresa | C54: teresa.miller@ocfl.net | D54: Orange County BCC | G54: =$F$87 -> 1 | H54: =F54*G54 -> 0 | J54: 218.1 | K54: =J54+H54 -> 218.1 | M54: =K54-L54 -> 218.1 | N54: =M54 -> 218.1
A55: =A54+1 -> 54 | B55: Olson, Cheryl | C55: olson.cheryl@brevardschools.org | D55: Brevard County School District | F55: 321 | G55: =$F$87 -> 1 | H55: =F55*G55 -> 321 | J55: 471.65 | K55: =J55+H55 -> 792.65 | L55: =200+59.4+186.48 -> 445.88 | M55: =K55-L55 -> 346.77 | N55: =M55 -> 346.77 | O55: 03/25/14 CPPO Recertification $200; 04/23 FAPPO Hotel; 4/23 FAPPO Mileage $186.48
A56: =A55+1 -> 55 | B56: Pearison, Megan | C56: pearisom@osceola.k12.fl.us | D56: Osceola County School District | G56: =$F$87 -> 1 | H56: =F56*G56 -> 0 | J56: 36.3 | K56: =J56+H56 -> 36.3 | M56: =K56-L56 -> 36.3 | N56: =M56 -> 36.3
A57: =A56+1 -> 56 | B57: Perry, Jacqui | C57: jperry02@seminolecountyfl.gov | D57: Seminole County Gov't | F57: 321 | G57: =$F$87 -> 1 | H57: =F57*G57 -> 321 | J57: 13.91 | K57: =J57+H57 -> 334.91 | L57: 300 | M57: =K57-L57 -> 34.91 | N57: =M57 -> 34.91 | O57: 05/06/14 CPPO/B Recertification $300
A58: =A57+1 -> 57 | B58: Ramos, Nancy | C58: nramos@flvs.net | D58: Florida Virtual School | F58: 86 | G58: =$F$87 -> 1 | H58: =F58*G58 -> 86 | J58: 220.05 | K58: =J58+H58 -> 306.05 | L58: 250 | M58: =K58-L58 -> 56.05 | N58: =M58 -> 56.05 | O58: 8/7/14 UPPCC Exam $250
A59: =A58+1 -> 58 | B59: Reed, Diane | C59: dreed@seminolecountyfl.gov | D59: Seminole County Gov't | F59: 405 | G59: =$F$87 -> 1 | H59: =F59*G59 -> 405 | J59: 13.92 | K59: =J59+H59 -> 418.92 | L59: 300 | M59: =K59-L59 -> 118.92 | N59: =M59 -> 118.92 | O59: 9/8/14 Recertification $300
A60: =A59+1 -> 59 | B60: Richer, Dawn | C60: Richer.Dawn@Brevardschools.org | D60: Brevard County Public Schools | F60: 95 | G60: =$F$87 -> 1 | H60: =F60*G60 -> 95 | J60: 587.15 | K60: =J60+H60 -> 682.15 | L60: =682.15 -> 682.15 | M60: =K60-L60 -> 0 | N60: =M60 -> 0 | O60: 3/10/2014 SP2 in Tallahassee $682.15
A61: =A60+1 -> 60 | B61: Rivas, Saul | C61: rivass@oocea.com | D61: Orlando-Orange County Expressway | F61: 320 | G61: =$F$87 -> 1 | H61: =F61*G61 -> 320 | J61: 246.22 | K61: =J61+H61 -> 566.22 | M61: =K61-L61 -> 566.22 | N61: =M61 -> 566.22
A62: =A61+1 -> 61 | B62: Rivera, Melisa | C62: melisa.rivera@ocfl.net | D62: Orange County | G62: =$F$87 -> 1 | H62: =F62*G62 -> 0 | J62: 597.75 | K62: =J62+H62 -> 597.75 | M62: =K62-L62 -> 597.75 | N62: =M62 -> 597.75
A63: =A62+1 -> 62 | B63: Roberts, Carrie | C63: croberts@goaa.org | D63: GOAA | F63: 965 | G63: =$F$87 -> 1 | H63: =F63*G63 -> 965 | J63: 842.6 | K63: =J63+H63 -> 1807.6 | L63: =288.73+72+165+77+424.2 -> 1026.93 | M63: =K63-L63 -> 780.67 | N63: =M63 -> 780.67 | O63: 3/26/14 Tampa 2 day Simposium; 4/2/14 Per Diem Tampa Simposium & FAPPO Per Deim ; 5/19/14 APG Hotel; 8/7/14 APG Per Diem; 12/8/14 Periscope Training
A64: =A63+1 -> 63 | B64: Roberts, Tammy | C64: troberts@seminolecountyfl.gov | D64: Seminole County Gov't | G64: =$F$87 -> 1 | H64: =F64*G64 -> 0 | J64: 585.55 | K64: =J64+H64 -> 585.55 | L64: 75 | M64: =K64-L64 -> 510.55 | N64: =M64 -> 510.55 | O64: 10/21/14 FAPPO Registration
A65: =A64+1 -> 64 | B65: Royer, Connie | C65: connie.royer@cityoforlando.net | D65: City of Orlando | F65: 495 | G65: =$F$87 -> 1 | H65: =F65*G65 -> 495 | J65: 726.43 | K65: =J65+H65 -> 1221.43 | L65: =295.54+200 -> 495.54 | M65: =K65-L65 -> 725.89 | O65: 03/31/14 FAPPO Conference; 6/04/14 CPPB Recertification
A66: =A65+1 -> 65 | B66: Rumping, Kristine | C66: rumping.kristine@brevardschools.org | D66: Brevard County School District | F66: 571 | G66: =$F$87 -> 1 | H66: =F66*G66 -> 571 | J66: 405.22 | K66: =J66+H66 -> 976.22 | M66: =K66-L66 -> 976.22 | N66: =M66 -> 976.22
A67: =A66+1 -> 66 | B67: Santiago, David | C67: dsantiago@flaglercounty.org | D67: Volusia County | F67: 270 | G67: =$F$87 -> 1 | H67: =F67*G67 -> 270 | J67: 434.3 | K67: =J67+H67 -> 704.3 | L67: =250+449.55 -> 699.55 | M67: =K67-L67 -> 4.75 | O67: 3/10/14 CPPO Exam & FAPPO Hotel
A68: =A67+1 -> 67 | B68: Schmidt, John | C68: John.Schmidt@ocfl.net | D68: Orange County | G68: =$F$87 -> 1 | H68: =F68*G68 -> 0 | J68: 234.32 | K68: =J68+H68 -> 234.32 | M68: =K68-L68 -> 234.32 | N68: =M68 -> 234.32
A69: =A68+1 -> 68 | B69: Schneider, Denise | C69: dschneider@goaa.org | D69: GOAA | F69: 535 | G69: =$F$87 -> 1 | H69: =F69*G69 -> 535 | J69: 551 | K69: =J69+H69 -> 1086 | L69: =326+255+300 -> 881 | M69: =K69-L69 -> 205 | N69: =M69 -> 205 | O69: 5/22/14 APG & NIGP
A70: =A69+1 -> 69 | B70: Scott-Ulmer, Rhonda | C70: rhondacpm@earthlink.net | D70: City of Orlando | F70: 232 | G70: =$F$87 -> 1 | H70: =F70*G70 -> 232 | J70: 0 | K70: =J70+H70 -> 232 | L70: 200 | M70: =K70-L70 -> 32 | O70: 04/28/14 CPPO Recertification
A71: =A70+1 -> 70 | B71: Silva, Amanda | C71: Amanda.Silva@gmail.com | D71: Orange County Convention Center | F71: 55 | G71: =$F$87 -> 1 | H71: =F71*G71 -> 55 | J71: 0 | K71: =J71+H71 -> 55 | M71: =K71-L71 -> 55 | N71: =M71 -> 55
A72: =A71+1 -> 71 | B72: Smith, Teresa | C72: tesmith@goaa.org | D72: GOAA | F72: 299 | G72: =$F$87 -> 1 | H72: =F72*G72 -> 299 | J72: 197.75 | K72: =J72+H72 -> 496.75 | L72: =149.85+250 -> 399.85 | M72: =K72-L72 -> 96.9 | N72: =M72 -> 96.9 | O72: 1/31/13 Fappo Conference Hotel in the amount of $149.85; 2/25/14 uppcc $250.00
A73: =A72+1 -> 72 | B73: Spillman, Lisa | C73: lspillman@seminolecountyfl.gov | D73: Seminole County Gov't | F73: 335 | G73: =$F$87 -> 1 | H73: =F73*G73 -> 335 | J73: 0 | K73: =J73+H73 -> 335 | M73: =K73-L73 -> 335 | N73: =M73 -> 335
A74: =A73+1 -> 73 | B74: Stoeckel, Kimberly | C74: kimberley.stoeckel@occc.net | D74: Orange County BCC | F74: 40 | G74: =$F$87 -> 1 | H74: =F74*G74 -> 40 | J74: 0 | K74: =J74+H74 -> 40 | M74: =K74-L74 -> 40
A75: =A74+1 -> 74 | B75: Straughn, Maureen | C75: ms@octaxcol.com | D75: Orange County Tax Collector | F75: 255 | G75: =$F$87 -> 1 | H75: =F75*G75 -> 255 | J75: 60.6 | K75: =J75+H75 -> 315.6 | L75: 250 | M75: =K75-L75 -> 65.6 | N75: =M75 -> 65.6 | O75: 2/18/14 CPPO Exam $250
A76: =A75+1 -> 75 | B76: Suarez, Freddy | C76: fsuarez@clermontfl.org | D76: City of Clermont | F76: 96 | G76: =$F$87 -> 1 | H76: =F76*G76 -> 96 | J76: 222.2 | K76: =J76+H76 -> 318.2 | M76: =K76-L76 -> 318.2 | N76: =M76 -> 318.2
A77: =A76+1 -> 76 | B77: Thomas, Angela Lawson | C77: athomas123113@gmail.com | D77: City of Orlando | F77: 130 | G77: =$F$87 -> 1 | H77: =F77*G77 -> 130 | J77: 0 | K77: =J77+H77 -> 130 | M77: =K77-L77 -> 130 | N77: =M77 -> 130
A78: =A77+1 -> 77 | B78: Villinis, Donna | C78: dvillinis@lakecountyfl.gov | D78: City of Orlando | G78: =$F$87 -> 1 | H78: =F78*G78 -> 0 | J78: 108.9 | K78: =J78+H78 -> 108.9 | M78: =K78-L78 -> 108.9 | N78: =M78 -> 108.9
A79: =A78+1 -> 78 | B79: Wayne, Kellen | C79: kwayne@seminolecountyfl.gov | D79: Seminole County Gov't | F79: 30 | G79: =$F$87 -> 1 | H79: =F79*G79 -> 30 | J79: 0 | K79: =J79+H79 -> 30 | M79: =K79-L79 -> 30 | N79: =M79 -> 30
A80: =A79+1 -> 79 | B80: Wetherington, Diane | C80: diane.wetherington@cityoforlando.net | D80: City of Orlando | F80: 665 | G80: =$F$87 -> 1 | H80: =F80*G80 -> 665 | J80: 1204.35 | K80: =J80+H80 -> 1869.35 | L80: =250+326+250+150 -> 976 | M80: =K80-L80 -> 893.35 | N80: =M80 -> 893.35 | O80: 2/10/14 CPPO Exam Payment Form 5/22 Forum Flight; 8/7/14 UPPCC Exam; 10/21/14 CPPO Assessment
A81: =A80+1 -> 80 | B81: Williams, Aneth | C81: williamsa@oocea.com | D81: Orlando-Orange County Expressway | F81: 145 | G81: =$F$87 -> 1 | H81: =F81*G81 -> 145 | J81: 202 | K81: =J81+H81 -> 347 | M81: =K81-L81 -> 347 | N81: =M81 -> 347
A82: =A81+1 -> 81 | B82: Woodell, Carrie | C82: carrie.woodell@ocfl.net | D82: Orange County BCC | F82: 780 | G82: =$F$87 -> 1 | H82: =F82*G82 -> 780 | J82: 2610.24 | K82: =J82+H82 -> 3390.24 | M82: =K82-L82 -> 3390.24 | N82: =M82 -> 3390.24
A83: =A82+1 -> 82 | B83: Woods, Douglas | C83: woods.douglas@brevardschools.org | D83: Brevard County Public Schools | F83: 25 | G83: =$F$87 -> 1 | H83: =F83*G83 -> 25 | J83: 0 | K83: =J83+H83 -> 25 | M83: =K83-L83 -> 25 | N83: =M83 -> 25
J84: =SUM(J2:J82) -> 25111.59 | K84: =SUM(K2:K82) -> 42237.59 | L84: =SUM(L2:L82) -> 14081.16 | M84: =SUM(M2:M82) -> 28156.43 | N84: =SUM(N2:N82) -> 25814.05
D85: Total Points | F85: =SUM(F2:F83) -> 16651
D86: Total Scholarship Dollars Available | F86: 15000
D87: Dollar Value of each Point | F87: 1
D89: NANCY WOODGER SCHOLARSHIP ($500)
D90: RTS AGENCY SCHOLARSHIP ($500)
D93: Budget Increase to fund $1 Per Point | F93: =F85-F86 -> 1651

Sheet CY 2012
B1: Member | C1: Agency | D1: 2012 Paid Member | E1: Points Earned 2012 | F1: Value of Scholarship Points | G1: Amount of Scholarship | I1: 2011 Carry Forward | J1: Total (Carry forward plus current) | K1: Scholarship Used | L1: Balance | M1: Amount Deferred | N1: Comments
A2: 1 | B2: Ackley-Danielson, Julie | C2: Orange County | D2: Yes | E2: 390 | F2: 2.02 | G2: =E2*F2 -> 787.8 | I2: ='CY 2011'!M2 -> 242 | J2: =I2+G2 -> 1029.8 | K2: =554+350+29.82+45+48 -> 1026.82 | L2: =J2-K2 -> 2.98 | M2: =L2 -> 2.98 | N2: 4/30 - FORUM Registration - $554 - check 8/5 - Forum hotel ($350.00) and parking ($29.82) 8/5 - Add'l parking: non guest (45.00); per diem ($48)
A3: 2 | B3: Adams, Richard | C3: Florida Virtual School | F3: 2.02 | G3: =E3*F3 -> 0 | I3: ='CY 2011'!M3 -> 0 | J3: =I3+G3 -> 0 | L3: =J3-K3 -> 0
A4: 3 | B4: Alvarez, Jill | C4: City of Lake Mary | D4: Yes | F4: 2.02 | G4: =E4*F4 -> 0 | I4: ='CY 2011'!M4 -> 96.8 | J4: =I4+G4 -> 96.8 | K4: 0 | L4: =J4-K4 -> 96.8 | M4: =L4 -> 96.8
A5: 4 | B5: Alvarez, Maria | C5: Orange County | D5: Yes | E5: 319 | F5: 2.02 | G5: =E5*F5 -> 644.38 | I5: ='CY 2011'!M5 -> 290.4 | J5: =I5+G5 -> 934.78 | L5: =J5-K5 -> 934.78 | M5: =L5 -> 934.78
A6: 6 | B6: Aviles, Luis | C6: UCF | F6: 2.02 | G6: =E6*F6 -> 0 | I6: ='CY 2011'!M7 -> 106.8 | J6: =I6+G6 -> 106.8 | K6: 106.8 | L6: =J6-K6 -> 0 | N6: 10/3 - Reimbursement for Class $106.80
A7: 7 | B7: Barden, Juanita | C7: City of Palm Bay | D7: Yes | E7: 177 | F7: 2.02 | G7: =E7*F7 -> 357.54 | I7: ='CY 2011'!M8 -> 266.75 | J7: =I7+G7 -> 624.29 | K7: 554 | L7: =J7-K7 -> 70.29 | M7: =L7 -> 70.29 | N7: 4/30 - FORUM Registration - $554 - check
A8: 8 | B8: Bass, Amanda | C8: Toho Water Authority | F8: 2.02 | G8: =E8*F8 -> 0 | I8: ='CY 2011'!M9 -> 0 | J8: =I8+G8 -> 0 | L8: =J8-K8 -> 0
A9: 9 | B9: Benjamin, Joe | C9: Orange County | D9: Yes | E9: 230 | F9: 2.02 | G9: =E9*F9 -> 464.6 | I9: ='CY 2011'!M10 -> 248.05 | J9: =I9+G9 -> 712.65 | K9: 712.65 | L9: =J9-K9 -> 0 | N9: 4/30 - FORUM Registration - $712.65
A10: 10 | B10: Bennett, Linda | C10: Lake County Schools | F10: 2.02 | G10: =E10*F10 -> 0 | I10: ='CY 2011'!M11 -> 0 | J10: =I10+G10 -> 0 | L10: =J10-K10 -> 0
A11: 11 | B11: Bergman, Sally A. | C11: Orange County | D11: Yes | E11: 120 | F11: 2.02 | G11: =E11*F11 -> 242.4 | I11: ='CY 2011'!M12 -> 465.55 | J11: =I11+G11 -> 707.95 | L11: =J11-K11 -> 707.95 | M11: =L11 -> 707.95
A12: 12 | B12: Biddle, Belinda | C12: Orange County Public Schools | F12: 2.02 | G12: =E12*F12 -> 0 | I12: ='CY 2011'!M13 -> 0 | J12: =I12+G12 -> 0 | L12: =J12-K12 -> 0
A13: 13 | B13: Rumping, Kristine | C13: Brevard County School District | D13: Yes | E13: 411 | F13: 2.02 | G13: =E13*F13 -> 830.22 | I13: ='CY 2011'!M14 -> 0 | J13: =I13+G13 -> 830.22 | K13: =175+250 -> 425 | L13: =J13-K13 -> 405.22 | M13: =L13 -> 405.22 | N13: 8/19 - CPPO Application Fee $175.00 9/16 - $250 CPPO Exam Fee
A14: 14 | B14: Billingsley, David M. | C14: City of Orlando | D14: Yes | E14: 211 | F14: 2.02 | G14: =E14*F14 -> 426.22 | I14: ='CY 2011'!M15 -> 345.6 | J14: =I14+G14 -> 771.82 | K14: 729 | L14: =J14-K14 -> 42.82 | M14: =L14 -> 42.82 | N14: 4/29 - FORUM Registration - $729.00
A15: 15 | B15: Blair, Susan | C15: City of Palm Bay | D15: Yes | E15: 530 | F15: 2.02 | G15: =E15*F15 -> 1070.6 | I15: ='CY 2011'!M16 -> 906 | J15: =I15+G15 -> 1976.6 | K15: =581.73+218.77+99-99 -> 800.5 | L15: =J15-K15 -> 1176.1 | M15: =L15 -> 1176.1 | N15: 6/18 - Forum: Hotel ($537) & Parking ($44.73) - $581.73 7/9 - Forum per diem / mileage $218.77 10/9 - $99 Hotel @ FAPPO Fall Conference 11/1 - returned check for FAPPO hotel (+$99)
A16: 16 | B16: Blanton, Reba | C16: City of Winter Park | D16: Yes | E16: 73 | F16: 2.02 | G16: =E16*F16 -> 147.46 | I16: ='CY 2011'!M17 -> 0 | J16: =I16+G16 -> 147.46 | L16: =J16-K16 -> 147.46 | M16: =L16 -> 147.46
A17: 17 | B17: Boodram, Bibi | C17: Lake County Schools | F17: 2.02 | G17: =E17*F17 -> 0 | I17: ='CY 2011'!M18 -> 0 | J17: =I17+G17 -> 0 | L17: =J17-K17 -> 0
A18: 18 | B18: Bradley, Robert | C18: Seminole County Gov't | D18: Yes | F18: 2.02 | G18: =E18*F18 -> 0 | I18: ='CY 2011'!M19 -> 439.05 | J18: =I18+G18 -> 439.05 | L18: =J18-K18 -> 439.05 | M18: =L18 -> 439.05
A19: 19 | B19: Brown, Doug | C19: City of Port Orange | F19: 2.02 | G19: =E19*F19 -> 0 | I19: ='CY 2011'!M20 -> 0 | J19: =I19+G19 -> 0 | L19: =J19-K19 -> 0
A20: 20 | B20: Brown, Kathy | C20: Osceola County School District | F20: 2.02 | G20: =E20*F20 -> 0 | I20: ='CY 2011'!M21 -> 0 | J20: =I20+G20 -> 0 | L20: =J20-K20 -> 0
A21: 21 | B21: Brown-Gordon, Courtney | C21: Orlando-Orange County Expressway | D21: Yes | E21: 120 | F21: 2.02 | G21: =E21*F21 -> 242.4 | I21: ='CY 2011'!M22 -> 66.75 | J21: =I21+G21 -> 309.15 | L21: =J21-K21 -> 309.15 | M21: =L21 -> 309.15
A22: 22 | B22: Bruce, John | C22: City of Mount Dora | F22: 2.02 | G22: =E22*F22 -> 0 | I22: ='CY 2011'!M23 -> 0 | J22: =I22+G22 -> 0 | L22: =J22-K22 -> 0
A23: 23 | B23: Bryan, Cynthia | C23: Kissimmee Utility Authority | D23: Yes | E23: 230 | F23: 2.02 | G23: =E23*F23 -> 464.6 | I23: ='CY 2011'!M24 -> 256.1 | J23: =I23+G23 -> 720.7 | K23: =554+166.7 -> 720.7 | L23: =J23-K23 -> 0 | N23: 4/30 - FORUM Registration $554 - check 6/17 - Partial night hotel $166.70
A24: 24 | B24: Caddy, Mary | C24: Orange County Public Schools | F24: 2.02 | G24: =E24*F24 -> 0 | I24: ='CY 2011'!M25 -> 0 | J24: =I24+G24 -> 0 | L24: =J24-K24 -> 0
A25: 25 | B25: Calkins, Fatima | C25: GOAA | D25: Yes | E25: 530 | F25: 2.02 | G25: =E25*F25 -> 1070.6 | I25: ='CY 2011'!M26 -> 936.95 | J25: =I25+G25 -> 2007.55 | K25: =200+387.82 -> 587.82 | L25: =J25-K25 -> 1419.73 | M25: =L25 -> 1419.73 | N25: 3/21 - Recertification - $200 6/18 - Forum Hotel ($358) & Parking (29.82) - 387.82
A26: 26 | B26: Carson, Linda | C26: Orange County | D26: Yes | E26: 235 | F26: 2.02 | G26: =E26*F26 -> 474.7 | I26: ='CY 2011'!M27 -> 318 | J26: =I26+G26 -> 792.7 | K26: 792.7 | L26: =J26-K26 -> 0 | N26: 5/6 - FORUM Registration - $792.70
A27: 27 | B27: Caudill, Kelley | C27: Brevard County Public Schools | D27: Yes | E27: 50 | F27: 2.02 | G27: =E27*F27 -> 101 | J27: =I27+G27 -> 101 | L27: =J27-K27 -> 101 | M27: =L27 -> 101
A28: 28 | B28: Ciraldo Hysell, Linda | C28: Osceola County School District | F28: 2.02 | G28: =E28*F28 -> 0 | I28: ='CY 2011'!M28 -> 31.15 | J28: =I28+G28 -> 31.15 | L28: =J28-K28 -> 31.15 | M28: 0 | N28: No longer a Chapter member.
A29: 29 | B29: Cohen, Betsy | C29: Seminole County Gov't | D29: Yes | E29: 215 | F29: 2.02 | G29: =E29*F29 -> 434.3 | I29: ='CY 2011'!M29 -> 0 | J29: =I29+G29 -> 434.3 | L29: =J29-K29 -> 434.3 | M29: =L29 -> 434.3
A30: 30 | B30: Conley, Crystal | C30: City of Ocoee | F30: 2.02 | G30: =E30*F30 -> 0 | I30: ='CY 2011'!M30 -> 0 | J30: =I30+G30 -> 0 | L30: =J30-K30 -> 0
A31: 31 | B31: Cooper, Roger | C31: City of Orlando | D31: Yes | E31: 235 | F31: 2.02 | G31: =E31*F31 -> 474.7 | I31: ='CY 2011'!M31 -> 0 | J31: =I31+G31 -> 474.7 | K31: =200+175+99.7 -> 474.7 | L31: =J31-K31 -> 0 | N31: 3/26 - Lifetime certification $200 4/8 - FAPPO 1 day $175 6/6 - Mileage reimbursement FAPPO - $99.70
A32: 32 | B32: Coste, Silvia | C32: Orange County Clerk of Courts | F32: 2.02 | G32: =E32*F32 -> 0 | I32: ='CY 2011'!M32 -> 0 | J32: =I32+G32 -> 0 | L32: =J32-K32 -> 0
A33: 33 | B33: Cromity, Louemma | C33: City of Casselberry | F33: 2.02 | G33: =E33*F33 -> 0 | I33: ='CY 2011'!M33 -> 0 | J33: =I33+G33 -> 0 | L33: =J33-K33 -> 0
A34: 35 | B34: Davis, William (Perry) | C34: Orange County | F34: 2.02 | G34: =E34*F34 -> 0 | I34: ='CY 2011'!M34 -> 0 | J34: =I34+G34 -> 0 | L34: =J34-K34 -> 0
A35: 36 | B35: DeRostaing, Authur (Dino) | C35: GOAA | D35: Yes | E35: 274 | F35: 2.02 | G35: =E35*F35 -> 553.48 | I35: ='CY 2011'!M35 -> 497.95 | J35: =I35+G35 -> 1051.43 | K35: =554+300+179 -> 1033 | L35: =J35-K35 -> 18.43 | M35: =L35 -> 18.43 | N35: 4/23 - FORUM Registration - $554.00 6/6 - CPPB & CPPO (Dual) Recertification - $300 7/9 - Forum Hotel ($179)
A36: 37 | B36: Dickerson, Richard | C36: Utilities Comm, New Smyrna Beach | F36: 2.02 | G36: =E36*F36 -> 0 | I36: ='CY 2011'!M36 -> 0 | J36: =I36+G36 -> 0 | L36: =J36-K36 -> 0
A37: 38 | B37: Dover, Steveelee | C37: Utilities Comm, New Smyrna Beach | F37: 2.02 | G37: =E37*F37 -> 0 | I37: ='CY 2011'!M37 -> 0 | J37: =I37+G37 -> 0 | L37: =J37-K37 -> 0
A38: 39 | B38: Dugan, Susan | C38: Lake County | F38: 2.02 | G38: =E38*F38 -> 0 | I38: ='CY 2011'!M38 -> 0 | J38: =I38+G38 -> 0 | L38: =J38-K38 -> 0
A39: 40 | B39: Durrum II, Anthony | C39: City of Winter Park | F39: 2.02 | G39: =E39*F39 -> 0 | I39: ='CY 2011'!M39 -> 298.15 | J39: =I39+G39 -> 298.15 | L39: =J39-K39 -> 298.15 | M39: =L39 -> 298.15
A40: 41 | B40: Elzy, Karen | C40: City of Orlando | D40: Yes | E40: 135 | F40: 2.02 | G40: =E40*F40 -> 272.7 | I40: ='CY 2011'!M40 -> 108.9 | J40: =I40+G40 -> 381.6 | L40: =J40-K40 -> 381.6 | M40: =L40 -> 381.6
A41: 42 | B41: Erlandson, Kellen | C41: Seminole County Gov't | D41: Yes | E41: 135 | F41: 2.02 | G41: =E41*F41 -> 272.7 | I41: ='CY 2011'!M41 -> 113.2 | J41: =I41+G41 -> 385.9 | K41: 385.9 | L41: =J41-K41 -> 0 | N41: 5/3 - Forum Registration - $385.90 - Reimbursement
A42: 43 | B42: Espinosa, Joseph (Tony) | C42: Small Bus Develop Ctr - UCF | F42: 2.02 | G42: =E42*F42 -> 0 | I42: ='CY 2011'!M42 -> 0 | J42: =I42+G42 -> 0 | L42: =J42-K42 -> 0
A43: 44 | B43: Ferrier, Brian | C43: Florida Dept. of Corrections | D43: Yes | E43: 221 | F43: 2.02 | G43: =E43*F43 -> 446.42 | I43: ='CY 2011'!M43 -> 24.2 | J43: =I43+G43 -> 470.62 | L43: =J43-K43 -> 470.62 | M43: =L43 -> 470.62
A44: 45 | B44: Figueroa, Leticia | C44: Seminole County Gov't | D44: Yes | E44: 75 | F44: 2.02 | G44: =E44*F44 -> 151.5 | I44: ='CY 2011'!M44 -> 54.45 | J44: =I44+G44 -> 205.95 | L44: =J44-K44 -> 205.95 | M44: =L44 -> 205.95
A45: 46 | B45: Fisher, Caleb | C45: City of New Smyrna Beach | F45: 2.02 | G45: =E45*F45 -> 0 | I45: ='CY 2011'!M45 -> 0 | J45: =I45+G45 -> 0 | L45: =J45-K45 -> 0
A46: 47 | B46: Flick, Joanne | C46: City of Daytona Beach | D46: Yes | E46: 275 | F46: 2.02 | G46: =E46*F46 -> 555.5 | I46: ='CY 2011'!M46 -> 0 | J46: =I46+G46 -> 555.5 | K46: 350 | L46: =J46-K46 -> 205.5 | M46: =L46 -> 205.5 | N46: 5/6 - FAPPO Registration - $350.00
A47: 48 | B47: Foster, Dorothy | C47: City of Port Orange | F47: 2.02 | G47: =E47*F47 -> 0 | I47: ='CY 2011'!M47 -> 0 | J47: =I47+G47 -> 0 | L47: =J47-K47 -> 0
A48: 49 | B48: Gant, Bruce | C48: GOAA | D48: Yes | F48: 2.02 | G48: =E48*F48 -> 0 | I48: ='CY 2011'!M48 -> 427.3 | J48: =I48+G48 -> 427.3 | L48: =J48-K48 -> 427.3 | M48: =L48 -> 427.3
A49: 50 | B49: Garcia, Gloria | C49: Seminole County Gov't | D49: Yes | E49: 120 | F49: 2.02 | G49: =E49*F49 -> 242.4 | I49: ='CY 2011'!M49 -> 160.2 | J49: =I49+G49 -> 402.6 | K49: 402.6 | L49: =J49-K49 -> 0 | N49: 7/11 - partial FORUM registration reimbursement
A50: 51 | B50: Gardner, Deborah | C50: Lake County Schools | F50: 2.02 | G50: =E50*F50 -> 0 | I50: ='CY 2011'!M50 -> 0 | J50: =I50+G50 -> 0 | L50: =J50-K50 -> 0
A51: 52 | B51: Gaskins, Donald | C51: Osceola County BCC | D51: Yes | E51: 200 | F51: 2.02 | G51: =E51*F51 -> 404 | I51: ='CY 2011'!M51 -> 50.45 | J51: =I51+G51 -> 454.45 | K51: 435 | L51: =J51-K51 -> 19.45 | M51: =L51 -> 19.45 | N51: 6/6 - Reimbusement for Contracting for Services Seminar $435.00
A52: 53 | B52: Glatz, Keith | C52: City of Tamarac | F52: 2.02 | G52: =E52*F52 -> 0 | I52: ='CY 2011'!M52 -> 0 | J52: =I52+G52 -> 0 | L52: =J52-K52 -> 0
A53: 54 | B53: Goldsmith, Malyssa | C53: Lake County Clerk of Court | F53: 2.02 | G53: =E53*F53 -> 0 | I53: ='CY 2011'!M53 -> 0 | J53: =I53+G53 -> 0 | L53: =J53-K53 -> 0
A54: 55 | B54: Gordon, Dorothy | C54: Orange County | D54: Yes | E54: 285 | F54: 2.02 | G54: =E54*F54 -> 575.7 | I54: ='CY 2011'!M54 -> 453.55 | J54: =I54+G54 -> 1029.25 | K54: =300+357 -> 657 | L54: =J54-K54 -> 372.25 | M54: =L54 -> 372.25 | N54: 3/26 - FAPPO Registration $300 4/14 - FAPPO Hotel $357
A55: 56 | B55: Graham, Jessica | C55: University of Central Florida | D55: Yes | E55: 65 | F55: 2.02 | G55: =E55*F55 -> 131.3 | J55: =I55+G55 -> 131.3 | L55: =J55-K55 -> 131.3 | M55: =L55 -> 131.3
A56: 57 | B56: Hayes, Pamela | C56: Lake County Schools | F56: 2.02 | G56: =E56*F56 -> 0 | I56: ='CY 2011'!M55 -> 0 | J56: =I56+G56 -> 0 | L56: =J56-K56 -> 0
A57: 58 | B57: Henzmann, Wil | C57: Brevard County Public Schools | D57: Yes | E57: 95 | F57: 2.02 | G57: =E57*F57 -> 191.9 | J57: =I57+G57 -> 191.9 | K57: 175 | L57: =J57-K57 -> 16.9 | M57: =L57 -> 16.9 | N57: 9/25 - CPPB Certification Application Fee - $175
A58: 59 | B58: Hewitt, Carol | C58: Orange County | D58: Yes | E58: 162 | F58: 2.02 | G58: =E58*F58 -> 327.24 | I58: ='CY 2011'!M56 -> 217.65 | J58: =I58+G58 -> 544.89 | K58: 357 | L58: =J58-K58 -> 187.89 | M58: =L58 -> 187.89 | N58: 4/14 - FAPPO Hotel - $357
A59: 60 | B59: Hobbs, Patrice (Patty) | C59: Orange County | D59: Yes | E59: 75 | F59: 2.02 | G59: =E59*F59 -> 151.5 | I59: ='CY 2011'!M57 -> 301.65 | J59: =I59+G59 -> 453.15 | K59: 300 | L59: =J59-K59 -> 153.15 | M59: =L59 -> 153.15 | N59: 3/28 - FAPPO Registration $300 3/28 - FAPPO Hotel $153.15
A60: 61 | B60: Holcomb, Susan | C60: Orange County | D60: Yes | E60: 32 | F60: 2.02 | G60: =E60*F60 -> 64.64 | J60: =I60+G60 -> 64.64 | L60: =J60-K60 -> 64.64 | M60: =L60 -> 64.64
A61: 62 | B61: Holmes, Felicia | C61: Osceola County | D61: Yes | E61: 160 | F61: 2.02 | G61: =E61*F61 -> 323.2 | I61: ='CY 2011'!M58 -> 0 | J61: =I61+G61 -> 323.2 | K61: 323.2 | L61: =J61-K61 -> 0 | N61: 7/23 - Forum registration - partial reimbursement $323.20
A62: 63 | B62: Hooper, Ray | C62: Seminole County Gov't | D62: Yes | E62: 170 | F62: 2.02 | G62: =E62*F62 -> 343.4 | I62: ='CY 2011'!M59 -> 451.5 | J62: =I62+G62 -> 794.9 | K62: 554 | L62: =J62-K62 -> 240.9 | M62: =L62 -> 240.9 | N62: 4/23 - FORUM registration $554 - Reimbursement
A63: 64 | B63: Hopkins, Gary | C63: Volusia County School Board | F63: 2.02 | G63: =E63*F63 -> 0 | I63: ='CY 2011'!M60 -> 0 | J63: =I63+G63 -> 0 | L63: =J63-K63 -> 0
A64: 65 | B64: Houle, Suzanne | C64: City of Deltona Fire Dept | F64: 2.02 | G64: =E64*F64 -> 0 | I64: ='CY 2011'!M61 -> 0 | J64: =I64+G64 -> 0 | L64: =J64-K64 -> 0
A65: 66 | B65: Hunter, Bob | C65: Seminole County Gov't | D65: Yes | E65: 270 | F65: 2.02 | G65: =E65*F65 -> 545.4 | I65: ='CY 2011'!M62 -> 0 | J65: =I65+G65 -> 545.4 | K65: 545.4 | L65: =J65-K65 -> 0 | N65: 5/1 - FORUM registration $545.50 reimbursement
A66: 67 | B66: Jeanes, Tracy | C66: City of Eustis | F66: 2.02 | G66: =E66*F66 -> 0 | I66: ='CY 2011'!M63 -> 0 | J66: =I66+G66 -> 0 | L66: =J66-K66 -> 0
A67: 68 | B67: Jessee, Cheryl | C67: Osceola County School District | D67: Yes | F67: 2.02 | G67: =E67*F67 -> 0 | I67: ='CY 2011'!M64 -> 217.3 | J67: =I67+G67 -> 217.3 | L67: =J67-K67 -> 217.3 | M67: =L67 -> 217.3
A68: 69 | B68: Johnson, Gale | C68: Orange County | D68: Yes | E68: 275 | F68: 2.02 | G68: =E68*F68 -> 555.5 | I68: ='CY 2011'!M65 -> 683.05 | J68: =I68+G68 -> 1238.55 | K68: =874+193.91+160.79 -> 1228.7 | L68: =J68-K68 -> 9.85 | M68: 0 | N68: 5/6 - FORUM Registration $874.00 7/31 - Forum Hotel (179) and Parking (14.91) = $193.91 9/11 - Forum per diem, mileage, tolls & parking $160.79) 12/11 - retiring; return funds to kitty
A69: 70 | B69: Johnson, Robert | C69: Orlando-Orange County Expressway | D69: Yes | E69: 764 | F69: 2.02 | G69: =E69*F69 -> 1543.28 | I69: ='CY 2011'!M66 -> 774.35 | J69: =I69+G69 -> 2317.63 | K69: =486.28+299+50.35 -> 835.63 | L69: =J69-K69 -> 1482 | M69: =L69 -> 1482 | N69: 5/1 - Books - $486.28 5/6 - webinar/training - $299.00 12/9 - $50.35 Books
A70: 71 | B70: Johnson, Roseann | C70: Lake County | F70: 2.02 | G70: =E70*F70 -> 0 | I70: ='CY 2011'!M67 -> 0 | J70: =I70+G70 -> 0 | L70: =J70-K70 -> 0
A71: 72 | B71: Jones, Crystal | C71: Brevard County Public Schools | D71: Yes | E71: 45 | F71: 2.02 | G71: =E71*F71 -> 90.9 | J71: =I71+G71 -> 90.9 | L71: =J71-K71 -> 90.9 | M71: =L71 -> 90.9
A72: 73 | B72: Jones, Jennifer | C72: City of Winter Park | D72: Yes | E72: 583 | F72: 2.02 | G72: =E72*F72 -> 1177.66 | I72: ='CY 2011'!M68 -> 272.25 | J72: =I72+G72 -> 1449.91 | K72: =75+204.64+198+175 -> 652.64 | L72: =J72-K72 -> 797.27 | M72: =L72 -> 797.27 | N72: 10/3 - Fall FAPPO Conference Registration $75; Meals & Mileage $204.64; Hotel $198 12/23 - $175 CPPO Certification Exam
A73: 74 | B73: Kesecker, Lisa | C73: Osceola County School District | D73: Yes | E73: 192 | F73: 2.02 | G73: =E73*F73 -> 387.84 | I73: ='CY 2011'!M69 -> 0 | J73: =I73+G73 -> 387.84 | L73: =J73-K73 -> 387.84 | M73: =L73 -> 387.84
A74: 75 | B74: Knoll, Randy | C74: GOAA | D74: Yes | E74: 180 | F74: 2.02 | G74: =E74*F74 -> 363.6 | I74: ='CY 2011'!M70 -> 124.6 | J74: =I74+G74 -> 488.2 | K74: 200 | L74: =J74-K74 -> 288.2 | M74: 0 | N74: 6/18 - Lifetime CPPB Recertification Fee - $200 12/11 - retiring; return funds to kitty
A75: 76 | B75: Kondash, Jennifer | C75: ELC of Brevard County | F75: 2.02 | G75: =E75*F75 -> 0 | I75: ='CY 2011'!M71 -> 0 | J75: =I75+G75 -> 0 | L75: =J75-K75 -> 0
A76: 77 | B76: Lampman, Bruce | C76: GOAA | F76: 2.02 | G76: =E76*F76 -> 0 | I76: ='CY 2011'!M72 -> 0 | J76: =I76+G76 -> 0 | L76: =J76-K76 -> 0
A77: 78 | B77: Lawter, Leslie | C77: Brevard County Public Schools | D77: Yes | E77: 140 | F77: 2.02 | G77: =E77*F77 -> 282.8 | J77: =I77+G77 -> 282.8 | L77: =J77-K77 -> 282.8 | M77: =L77 -> 282.8
A78: 79 | B78: Lehosit, Erica | C78: Orange County | D78: Yes | E78: 182 | F78: 2.02 | G78: =E78*F78 -> 367.64 | I78: ='CY 2011'!M73 -> 177.95 | J78: =I78+G78 -> 545.59 | L78: =J78-K78 -> 545.59 | M78: =L78 -> 545.59
A79: 80 | B79: Lentz, Ruth | C79: Kissimmee Utility Authority | F79: 2.02 | G79: =E79*F79 -> 0 | I79: ='CY 2011'!M74 -> 0 | J79: =I79+G79 -> 0 | L79: =J79-K79 -> 0
A80: 81 | B80: Lumsden, Adana | C80: Toho Water Authority | F80: 2.02 | G80: =E80*F80 -> 0 | I80: ='CY 2011'!M75 -> 0 | J80: =I80+G80 -> 0 | L80: =J80-K80 -> 0
A81: 82 | B81: Lynch, Maureen | C81: Utilities Comm, New Smyrna Beach | F81: 2.02 | G81: =E81*F81 -> 0 | I81: ='CY 2011'!M76 -> 0 | J81: =I81+G81 -> 0 | L81: =J81-K81 -> 0
A82: 83 | B82: Ma, Tammy | C82: GOAA | F82: 2.02 | G82: =E82*F82 -> 0 | I82: ='CY 2011'!M77 -> 0 | J82: =I82+G82 -> 0 | L82: =J82-K82 -> 0
A83: 84 | B83: Maldonado, Anthony | C83: Seminole County Gov't | D83: Yes | E83: 76 | F83: 2.02 | G83: =E83*F83 -> 153.52 | I83: ='CY 2011'!M78 -> 108.9 | J83: =I83+G83 -> 262.42 | K83: 250 | L83: =J83-K83 -> 12.42 | M83: =L83 -> 12.42 | N83: 3/22 - CPPB May Test Fee $250
A84: 85 | B84: Marrozos, Gladys | C84: Seminole County Gov't | D84: Yes | E84: 130 | F84: 2.02 | G84: =E84*F84 -> 262.6 | I84: ='CY 2011'!M79 -> 369.1 | J84: =I84+G84 -> 631.7 | K84: 608 | L84: =J84-K84 -> 23.7 | M84: =L84 -> 23.7 | N84: 5/6 - FORUM Registration - $608 - reimbursement
A85: 86 | B85: Marsala, Bobbye | C85: City of Palm Bay | D85: Yes | E85: 375 | F85: 2.02 | G85: =E85*F85 -> 757.5 | I85: ='CY 2011'!M80 -> 767.4 | J85: =I85+G85 -> 1524.9 | K85: =874+358+29.82+88 -> 1349.82 | L85: =J85-K85 -> 175.08 | M85: =L85 -> 175.08 | N85: 4/30 - FORUM Registration $874 - check 6/21 - Forum Hotel ($358) and Parking ($29.82) - $387.82 8/1 - Per diem & parking ($88)
A86: 87 | B86: Martinez, Miguel-Angel | C86: Florida Virtual School | D86: Yes | F86: 2.02 | G86: =E86*F86 -> 0 | I86: ='CY 2011'!M81 -> 0 | J86: =I86+G86 -> 0 | L86: =J86-K86 -> 0
A87: 88 | B87: Mau, Terry | C87: Orange County Utilities | F87: 2.02 | G87: =E87*F87 -> 0 | I87: ='CY 2011'!M82 -> 0 | J87: =I87+G87 -> 0 | L87: =J87-K87 -> 0
A88: 89 | B88: McCorkle, Theodora | C88: City of Orlando | D88: Yes | E88: 271 | F88: 2.02 | G88: =E88*F88 -> 547.42 | I88: ='CY 2011'!M83 -> 200.25 | J88: =I88+G88 -> 747.67 | K88: 350 | L88: =J88-K88 -> 397.67 | M88: =L88 -> 397.67 | N88: 4/18 - FAPPO Registration $350
A89: 90 | B89: McDonald, Neil | C89: Osceola County School District | D89: Yes | F89: 2.02 | G89: =E89*F89 -> 0 | I89: ='CY 2011'!M84 -> 0 | J89: =I89+G89 -> 0 | L89: =J89-K89 -> 0
A90: 91 | B90: Melo, Ronaldo | C90: Orange County | D90: Yes | E90: 110 | F90: 2.02 | G90: =E90*F90 -> 222.2 | I90: ='CY 2011'!M85 -> 0 | J90: =I90+G90 -> 222.2 | L90: =J90-K90 -> 222.2 | M90: =L90 -> 222.2
A91: 92 | B91: Menchan, Valerie | C91: Orange County | D91: Yes | E91: 160 | F91: 2.02 | G91: =E91*F91 -> 323.2 | J91: =I91+G91 -> 323.2 | L91: =J91-K91 -> 323.2 | M91: =L91 -> 323.2
A92: 93 | B92: Millan, Zulay | C92: Orange County | D92: Yes | E92: 670 | F92: 2.02 | G92: =E92*F92 -> 1353.4 | I92: ='CY 2011'!M86 -> 695.75 | J92: =I92+G92 -> 2049.15 | K92: =520+1242.48 -> 1762.48 | L92: =J92-K92 -> 286.67 | M92: =L92 -> 286.67 | N92: 8/8 - CPPO Prep class fee $520 8/30 - 1,242.48 FAU Public Sector Contract Administration
A93: 94 | B93: Miller, Claude | C93: Orlando-Orange County Expressway | F93: 2.02 | G93: =E93*F93 -> 0 | I93: ='CY 2011'!M87 -> 0 | J93: =I93+G93 -> 0 | L93: =J93-K93 -> 0
A94: 95 | B94: Miller, Teresa | C94: Orange County BCC | D94: Yes | E94: 90 | F94: 2.02 | G94: =E94*F94 -> 181.8 | I94: ='CY 2011'!M88 -> 36.3 | J94: =I94+G94 -> 218.1 | L94: =J94-K94 -> 218.1 | M94: =L94 -> 218.1
A95: 96 | B95: Minnix, Beth | C95: Lake County Schools | F95: 2.02 | G95: =E95*F95 -> 0 | I95: ='CY 2011'!M89 -> 0 | J95: =I95+G95 -> 0 | L95: =J95-K95 -> 0
A96: 97 | B96: Moore, Rebecca | C96: Florida Virtual School | F96: 2.02 | G96: =E96*F96 -> 0 | I96: ='CY 2011'!M90 -> 0 | J96: =I96+G96 -> 0 | L96: =J96-K96 -> 0
A97: 98 | B97: Morten, Lautesha | C97: Osceola County BCC | F97: 2.02 | G97: =E97*F97 -> 0 | I97: ='CY 2011'!M91 -> 0 | J97: =I97+G97 -> 0 | L97: =J97-K97 -> 0
A98: 99 | B98: Munday, Amy | C98: Lake County BCC | F98: 2.02 | G98: =E98*F98 -> 0 | I98: ='CY 2011'!M92 -> 0 | J98: =I98+G98 -> 0 | L98: =J98-K98 -> 0
A99: 100 | B99: Mzee, Mursal | C99: Orange County Public Schools | F99: 2.02 | G99: =E99*F99 -> 0 | I99: ='CY 2011'!M93 -> 0 | J99: =I99+G99 -> 0 | L99: =J99-K99 -> 0
A100: 101 | B100: Nellis, Jennifer | C100: City of Eustis | F100: 2.02 | G100: =E100*F100 -> 0 | I100: ='CY 2011'!M94 -> 0 | J100: =I100+G100 -> 0 | L100: =J100-K100 -> 0
...

Sheet CY 2011
B1: Member | C1: Agency | D1: 2011 Paid Member | E1: Points Earned 2011 | F1: Value of Scholarship Points | G1: Amount of Scholarship | I1: 2010 Carry Forward | J1: Total (Carry forward plus current) | K1: Scholarship Used | L1: Amount Deferred | M1: Balance | N1: Comments
A2: 1 | B2: Ackley-Danielson, Julie | C2: Orange County | D2: Yes | E2: 200 | F2: 1.21 | G2: =E2*F2 -> 242 | I2: 0 | J2: =I2+G2 -> 242 | L2: 242 | M2: 242 | N2: Redemption received 8/13 - defer
A3: 2 | B3: Adams, Richard | C3: Florida Virtual School | E3: 0 | F3: 1.21 | G3: =E3*F3 -> 0 | I3: 0 | J3: =I3+G3 -> 0
A4: 3 | B4: Alvarez, Jill | C4: City of Lake Mary | D4: Yes | E4: 80 | F4: 1.21 | G4: =E4*F4 -> 96.8 | I4: 0 | J4: =I4+G4 -> 96.8 | L4: 96.8 | M4: 96.8
A5: 4 | B5: Alvarez, Maria | C5: Orange County | D5: Yes | E5: 240 | F5: 1.21 | G5: =E5*F5 -> 290.4 | I5: 0 | J5: =I5+G5 -> 290.4 | L5: 290.4 | M5: 290.4 | N5: Deferred per email 1/11/13
A6: 5 | B6: Au, Dottie | C6: Lake County Clerk of Court | E6: 0 | F6: 1.21 | G6: =E6*F6 -> 0 | I6: 0 | J6: =I6+G6 -> 0 | N6: Retiring 1/2012
A7: 6 | B7: Aviles, Luis | C7: UCF | E7: 0 | F7: 1.21 | G7: =E7*F7 -> 0 | I7: 106.8 | J7: =I7+G7 -> 106.8 | L7: 106.8 | M7: 106.8
A8: 7 | B8: Barden, Juanita | C8: City of Palm Bay | D8: Yes | E8: 180 | F8: 1.21 | G8: =E8*F8 -> 217.8 | I8: 48.95 | J8: =I8+G8 -> 266.75 | L8: 266.75 | M8: 266.75 | N8: Redemption received 9/10 - defer
A9: 8 | B9: Bass, Amanda | C9: Toho Water Authority | E9: 0 | F9: 1.21 | G9: =E9*F9 -> 0 | I9: 0 | J9: =I9+G9 -> 0
A10: 9 | B10: Benjamin, Joe | C10: Orange County | D10: Yes | E10: 205 | F10: 1.21 | G10: =E10*F10 -> 248.05 | J10: =I10+G10 -> 248.05 | L10: 248.05 | M10: 248.05 | N10: Redemption received 8/17 - defer
A11: 10 | B11: Bennett, Linda | C11: Lake County Schools | E11: 0 | F11: 1.21 | G11: =E11*F11 -> 0 | I11: 0 | J11: =I11+G11 -> 0
A12: 11 | B12: Bergman, Sally A. | C12: Orange County | D12: Yes | E12: 245 | F12: 1.21 | G12: =E12*F12 -> 296.45 | I12: 169.1 | J12: =I12+G12 -> 465.55 | L12: 465.55 | M12: 465.55
A13: 12 | B13: Biddle, Belinda | C13: Orange County Public Schools | E13: 0 | F13: 1.21 | G13: =E13*F13 -> 0 | I13: 0 | J13: =I13+G13 -> 0
A14: 13 | B14: Bigalow, Kristine (Rumping) | C14: Osceola County School District | D14: Yes | E14: 300 | F14: 1.21 | G14: =E14*F14 -> 363 | I14: 186.9 | J14: =I14+G14 -> 549.9 | K14: 549.9 | L14: 0 | M14: 0 | N14: FAPPO Conference Registration
A15: 14 | B15: Billingsley, David M. | C15: City of Orlando | D15: Yes | E15: 190 | F15: 1.21 | G15: =E15*F15 -> 229.9 | I15: 115.7 | J15: =I15+G15 -> 345.6 | L15: 345.6 | M15: 345.6 | N15: Redemption received 7/13 - defer
A16: 15 | B16: Blair, Susan | C16: City of Palm Bay | D16: Yes | E16: 495 | F16: 1.21 | G16: =E16*F16 -> 598.95 | I16: 307.05 | J16: =I16+G16 -> 906 | L16: 906 | M16: 906 | N16: Redemption received 5/22 - defer
A17: 16 | B17: Blanton, Reba | C17: City of Winter Park | E17: 0 | F17: 1.21 | G17: =E17*F17 -> 0 | I17: 0 | J17: =I17+G17 -> 0
A18: 17 | B18: Boodram, Bibi | C18: Lake County Schools | E18: 0 | F18: 1.21 | G18: =E18*F18 -> 0 | I18: 0 | J18: =I18+G18 -> 0
A19: 18 | B19: Bradley, Robert | C19: Seminole County Gov't | D19: Yes | E19: 190 | F19: 1.21 | G19: =E19*F19 -> 229.9 | I19: 209.15 | J19: =I19+G19 -> 439.05 | L19: 439.05 | M19: 439.05
A20: 19 | B20: Brown, Doug | C20: City of Port Orange | E20: 0 | F20: 1.21 | G20: =E20*F20 -> 0 | I20: 0 | J20: =I20+G20 -> 0
A21: 20 | B21: Brown, Kathy | C21: Osceola County School District | E21: 0 | F21: 1.21 | G21: =E21*F21 -> 0 | I21: 0 | J21: =I21+G21 -> 0
A22: 21 | B22: Brown-Gordon, Courtney | C22: Orlando-Orange County Expressway | E22: 0 | F22: 1.21 | G22: =E22*F22 -> 0 | I22: 66.75 | J22: =I22+G22 -> 66.75 | L22: 66.75 | M22: 66.75
A23: 22 | B23: Bruce, John | C23: City of Mount Dora | E23: 0 | F23: 1.21 | G23: =E23*F23 -> 0 | I23: 0 | J23: =I23+G23 -> 0
A24: 23 | B24: Bryan, Cynthia | C24: Kissimmee Utility Authority | D24: Yes | E24: 105 | F24: 1.21 | G24: =E24*F24 -> 127.05 | I24: 129.05 | J24: =I24+G24 -> 256.1 | L24: 256.1 | M24: 256.1 | N24: Redemption received 7/16 - defer
A25: 24 | B25: Caddy, Mary | C25: Orange County Public Schools | E25: 0 | F25: 1.21 | G25: =E25*F25 -> 0 | I25: 0 | J25: =I25+G25 -> 0
A26: 25 | B26: Calkins, Fatima | C26: GOAA | D26: Yes | E26: 550 | F26: 1.21 | G26: =E26*F26 -> 665.5 | I26: 271.45 | J26: =I26+G26 -> 936.95 | L26: 936.95 | M26: 936.95 | N26: Redemption received 12/31 - defer
A27: 26 | B27: Carson, Linda | C27: Orange County | D27: Yes | E27: 240 | F27: 1.21 | G27: =E27*F27 -> 290.4 | I27: 27.6 | J27: =I27+G27 -> 318 | L27: 0 | M27: 318 | N27: Redemption received 7/13 - defer
A28: 27 | B28: Ciraldo Hysell, Linda | C28: Osceola County School District | E28: 0 | F28: 1.21 | G28: =E28*F28 -> 0 | I28: 31.15 | J28: =I28+G28 -> 31.15 | L28: 31.15 | M28: 31.15
A29: 28 | B29: Cohen, Betsy | C29: Seminole County Gov't | E29: 0 | F29: 1.21 | G29: =E29*F29 -> 0 | I29: 0 | J29: =I29+G29 -> 0
A30: 29 | B30: Conley, Crystal | C30: City of Ocoee | E30: 0 | F30: 1.21 | G30: =E30*F30 -> 0 | I30: 0 | J30: =I30+G30 -> 0
A31: 30 | B31: Cooper, Roger | C31: City of Orlando | E31: 0 | F31: 1.21 | G31: =E31*F31 -> 0 | I31: 0 | J31: =I31+G31 -> 0
A32: 31 | B32: Coste, Silvia | C32: Orange County Clerk of Courts | E32: 0 | F32: 1.21 | G32: =E32*F32 -> 0 | I32: 0 | J32: =I32+G32 -> 0
A33: 32 | B33: Cromity, Louemma | C33: City of Casselberry | E33: 0 | F33: 1.21 | G33: =E33*F33 -> 0 | I33: 0 | J33: =I33+G33 -> 0
A34: 33 | B34: Davis, William (Perry) | C34: Orange County | E34: 0 | F34: 1.21 | G34: =E34*F34 -> 0 | I34: 0 | J34: =I34+G34 -> 0
A35: 34 | B35: DeRostaing, Authur (Dino) | C35: GOAA | D35: Yes | E35: 235 | F35: 1.21 | G35: =E35*F35 -> 284.35 | I35: 213.6 | J35: =I35+G35 -> 497.95 | L35: 497.95 | M35: 497.95 | N35: Redemption received 7/13 - defer
A36: 35 | B36: Dickerson, Richard | C36: Utilities Comm, New Smyrna Beach | E36: 0 | F36: 1.21 | G36: =E36*F36 -> 0 | I36: 0 | J36: =I36+G36 -> 0
A37: 36 | B37: Dover, Steveelee | C37: Utilities Comm, New Smyrna Beach | E37: 0 | F37: 1.21 | G37: =E37*F37 -> 0 | I37: 0 | J37: =I37+G37 -> 0
A38: 37 | B38: Dugan, Susan | C38: Lake County | E38: 0 | F38: 1.21 | G38: =E38*F38 -> 0 | I38: 0 | J38: =I38+G38 -> 0
A39: 38 | B39: Durrum II, Anthony | C39: City of Winter Park | E39: 0 | F39: 1.21 | G39: =E39*F39 -> 0 | I39: 298.15 | J39: =I39+G39 -> 298.15 | L39: 298.15 | M39: 298.15
A40: 39 | B40: Elzy, Karen | C40: City of Orlando | D40: Yes | E40: 90 | F40: 1.21 | G40: =E40*F40 -> 108.9 | I40: 0 | J40: =I40+G40 -> 108.9 | L40: 108.9 | M40: 108.9 | N40: Redemption received 8/13 - defer
A41: 40 | B41: Erlandson, Kellen | C41: Seminole County Gov't | D41: Yes | E41: 20 | F41: 1.21 | G41: =E41*F41 -> 24.2 | I41: 89 | J41: =I41+G41 -> 113.2 | L41: 113.2 | M41: 113.2 | N41: Redemption received 9/5 - defer
A42: 41 | B42: Espinosa, Joseph (Tony) | C42: Small Bus Develop Ctr - UCF | E42: 0 | F42: 1.21 | G42: =E42*F42 -> 0 | I42: 0 | J42: =I42+G42 -> 0
A43: 42 | B43: Ferrier, Brian | C43: Florida Dept. of Corrections | E43: 20 | F43: 1.21 | G43: =E43*F43 -> 24.2 | J43: =I43+G43 -> 24.2 | L43: 24.2 | M43: 24.2
A44: 43 | B44: Figueroa, Leticia | C44: Seminole County Gov't | D44: Yes | E44: 45 | F44: 1.21 | G44: =E44*F44 -> 54.45 | I44: 0 | J44: =I44+G44 -> 54.45 | L44: 54.45 | M44: 54.45
A45: 44 | B45: Fisher, Caleb | C45: City of New Smyrna Beach | E45: 0 | F45: 1.21 | G45: =E45*F45 -> 0 | I45: 0 | J45: =I45+G45 -> 0
A46: 45 | B46: Flick, Joanne | C46: City of Daytona Beach | E46: 0 | F46: 1.21 | G46: =E46*F46 -> 0 | I46: 0 | J46: =I46+G46 -> 0
A47: 46 | B47: Foster, Dorothy | C47: City of Port Orange | E47: 0 | F47: 1.21 | G47: =E47*F47 -> 0 | I47: 0 | J47: =I47+G47 -> 0
A48: 47 | B48: Gant, Bruce | C48: GOAA | D48: Yes | E48: 195 | F48: 1.21 | G48: =E48*F48 -> 235.95 | I48: 191.35 | J48: =I48+G48 -> 427.3 | L48: 427.3 | M48: 427.3 | N48: Redemption received 8/20 - defer
A49: 48 | B49: Garcia, Gloria | C49: Seminole County Gov't | E49: 0 | F49: 1.21 | G49: =E49*F49 -> 0 | I49: 160.2 | J49: =I49+G49 -> 160.2 | L49: 160.2 | M49: 160.2
A50: 49 | B50: Gardner, Deborah | C50: Lake County Schools | E50: 0 | F50: 1.21 | G50: =E50*F50 -> 0 | I50: 0 | J50: =I50+G50 -> 0
A51: 50 | B51: Gaskins, Donald | C51: Osceola County BCC | D51: Yes | E51: 145 | F51: 1.21 | G51: =E51*F51 -> 175.45 | J51: =I51+G51 -> 175.45 | K51: 125 | L51: 50.45 | M51: 50.45 | N51: Developing & Managing RFP's, Feb 27-29, 2012
A52: 51 | B52: Glatz, Keith | C52: City of Tamarac | E52: 0 | F52: 1.21 | G52: =E52*F52 -> 0 | I52: 0 | J52: =I52+G52 -> 0
A53: 52 | B53: Goldsmith, Malyssa | C53: Lake County Clerk of Court | E53: 0 | F53: 1.21 | G53: =E53*F53 -> 0 | I53: 0 | J53: =I53+G53 -> 0
A54: 53 | B54: Gordon, Dorothy | C54: Orange County | D54: Yes | E54: 275 | F54: 1.21 | G54: =E54*F54 -> 332.75 | I54: 120.8 | J54: =I54+G54 -> 453.55 | L54: 453.55 | M54: 453.55 | N54: Redemption received 12/6 - defer
A55: 54 | B55: Hayes, Pamela | C55: Lake County Schools | E55: 0 | F55: 1.21 | G55: =E55*F55 -> 0 | I55: 0 | J55: =I55+G55 -> 0
A56: 55 | B56: Hewitt, Carol | C56: Orange County | D56: Yes | E56: 110 | F56: 1.21 | G56: =E56*F56 -> 133.1 | I56: 84.55 | J56: =I56+G56 -> 217.65 | L56: 217.65 | M56: 217.65 | N56: Redemptio received 12/10 - defer
A57: 56 | B57: Hobbs, Patrice (Patty) | C57: Orange County | D57: Yes | E57: 150 | F57: 1.21 | G57: =E57*F57 -> 181.5 | I57: 120.15 | J57: =I57+G57 -> 301.65 | L57: 301.65 | M57: 301.65 | N57: Redemption received 12/12 - defer
A58: 57 | B58: Holmes, Felicia | C58: Osceola County | D58: Yes | E58: 205 | F58: 1.21 | G58: =E58*F58 -> 248.05 | I58: 0 | J58: =I58+G58 -> 248.05 | K58: 248.05 | L58: 0 | M58: 0 | N58: Developing & Managing RFP's, Feb27-29, 2012
A59: 58 | B59: Hooper, Ray | C59: Seminole County Gov't | D59: Yes | E59: 215 | F59: 1.21 | G59: =E59*F59 -> 260.15 | I59: 191.35 | J59: =I59+G59 -> 451.5 | L59: 451.5 | M59: 451.5
A60: 59 | B60: Hopkins, Gary | C60: Volusia County School Board | E60: 0 | F60: 1.21 | G60: =E60*F60 -> 0 | I60: 0 | J60: =I60+G60 -> 0
A61: 60 | B61: Houle, Suzanne | C61: City of Deltona Fire Dept | E61: 0 | F61: 1.21 | G61: =E61*F61 -> 0 | I61: 0 | J61: =I61+G61 -> 0
A62: 61 | B62: Hunter, Bob | C62: Seminole County Gov't | D62: Yes | E62: 235 | F62: 1.21 | G62: =E62*F62 -> 284.35 | I62: 0 | J62: =I62+G62 -> 284.35 | K62: 284.35 | L62: 0 | M62: 0 | N62: Legal Aspects - Pompano Beach, April 4-6, 2012
A63: 62 | B63: Jeanes, Tracy | C63: City of Eustis | E63: 0 | F63: 1.21 | G63: =E63*F63 -> 0 | I63: 0 | J63: =I63+G63 -> 0
A64: 63 | B64: Jessee, Cheryl | C64: Osceola County School District | D64: Yes | E64: 95 | F64: 1.21 | G64: =E64*F64 -> 114.95 | I64: 102.35 | J64: =I64+G64 -> 217.3 | L64: 217.3 | M64: 217.3
A65: 64 | B65: Johnson, Gale | C65: Orange County | D65: Yes | E65: 285 | F65: 1.21 | G65: =E65*F65 -> 344.85 | I65: 338.2 | J65: =I65+G65 -> 683.05 | L65: 683.05 | M65: 683.05 | N65: Redemption submitted 7/13 - defer
A66: 65 | B66: Johnson, Robert | C66: Orlando-Orange County Expressway | D66: Yes | E66: 320 | F66: 1.21 | G66: =E66*F66 -> 387.2 | I66: 387.15 | J66: =I66+G66 -> 774.35 | L66: 774.35 | M66: 774.35 | N66: Redemption received - defer
A67: 66 | B67: Johnson, Roseann | C67: Lake County | E67: 0 | F67: 1.21 | G67: =E67*F67 -> 0 | I67: 0 | J67: =I67+G67 -> 0
A68: 67 | B68: Jones, Jennifer | C68: City of Winter Park | D68: Yes | E68: 225 | F68: 1.21 | G68: =E68*F68 -> 272.25 | I68: 0 | J68: =I68+G68 -> 272.25 | L68: 272.25 | M68: 272.25 | N68: Redemption submitted - defer
A69: 68 | B69: Kesecker, Lisa | C69: Osceola County School District | D69: Yes | E69: 160 | F69: 1.21 | G69: =E69*F69 -> 193.6 | I69: 93.45 | J69: =I69+G69 -> 287.05 | K69: 287.05 | L69: 0 | M69: 0 | N69: FAPPO Conference Registration
A70: 69 | B70: Knoll, Randy | C70: GOAA | E70: 0 | F70: 1.21 | G70: =E70*F70 -> 0 | I70: 124.6 | J70: =I70+G70 -> 124.6 | L70: 124.6 | M70: 124.6
A71: 70 | B71: Kondash, Jennifer | C71: ELC of Brevard County | E71: 0 | F71: 1.21 | G71: =E71*F71 -> 0 | I71: 0 | J71: =I71+G71 -> 0
A72: 71 | B72: Lampman, Bruce | C72: GOAA | E72: 0 | F72: 1.21 | G72: =E72*F72 -> 0 | I72: 0 | J72: =I72+G72 -> 0
A73: 72 | B73: Lehosit, Erica | C73: Orange County | D73: Yes | E73: 125 | F73: 1.21 | G73: =E73*F73 -> 151.25 | I73: 26.7 | J73: =I73+G73 -> 177.95 | L73: 177.95 | M73: 177.95 | N73: Redemption submitted - defer
A74: 73 | B74: Lentz, Ruth | C74: Kissimmee Utility Authority | E74: 0 | F74: 1.21 | G74: =E74*F74 -> 0 | I74: 0 | J74: =I74+G74 -> 0
A75: 74 | B75: Lumsden, Adana | C75: Toho Water Authority | E75: 0 | F75: 1.21 | G75: =E75*F75 -> 0 | I75: 0 | J75: =I75+G75 -> 0
A76: 75 | B76: Lynch, Maureen | C76: Utilities Comm, New Smyrna Beach | E76: 0 | F76: 1.21 | G76: =E76*F76 -> 0 | I76: 0 | J76: =I76+G76 -> 0
A77: 76 | B77: Ma, Tammy | C77: GOAA | E77: 0 | F77: 1.21 | G77: =E77*F77 -> 0 | I77: 0 | J77: =I77+G77 -> 0
A78: 77 | B78: Maldonado, Anthony | C78: Seminole County Gov't | D78: Yes | E78: 90 | F78: 1.21 | G78: =E78*F78 -> 108.9 | J78: =I78+G78 -> 108.9 | L78: 108.9 | M78: 108.9
A79: 78 | B79: Marrozos, Gladys | C79: Seminole County Gov't | D79: Yes | E79: 180 | F79: 1.21 | G79: =E79*F79 -> 217.8 | I79: 151.3 | J79: =I79+G79 -> 369.1 | L79: 369.1 | M79: 369.1
A80: 79 | B80: Marsala, Bobbye | C80: City of Palm Bay | D80: Yes | E80: 340 | F80: 1.21 | G80: =E80*F80 -> 411.4 | I80: 356 | J80: =I80+G80 -> 767.4 | L80: 767.4 | M80: 767.4 | N80: Redemption submitted 8/15 - defer
A81: 80 | B81: Martinez, Miguel-Angel | C81: Florida Virtual School | D81: Yes | E81: 120 | F81: 1.21 | G81: =E81*F81 -> 145.2 | I81: 0 | J81: =I81+G81 -> 145.2
A82: 81 | B82: Mau, Terry | C82: Orange County Utilities | E82: 0 | F82: 1.21 | G82: =E82*F82 -> 0 | I82: 0 | J82: =I82+G82 -> 0
A83: 82 | B83: McCorkle, Theodora | C83: City of Orlando | D83: Yes | E83: 0 | F83: 1.21 | G83: =E83*F83 -> 0 | I83: 200.25 | J83: =I83+G83 -> 200.25 | L83: 200.25 | M83: 200.25 | N83: Redemption submitted 8/12 - defer
A84: 83 | B84: McDonald, Neil | C84: Osceola County School District | D84: Yes | E84: 115 | F84: 1.21 | G84: =E84*F84 -> 139.15 | I84: 102.35 | J84: =I84+G84 -> 241.5 | K84: 241.5 | L84: 0 | M84: 0 | N84: FAPPO Conference Registration
A85: 84 | B85: McNichols, Bill | C85: Brevard County Public Schools | E85: 0 | F85: 1.21 | G85: =E85*F85 -> 0 | I85: 0 | J85: =I85+G85 -> 0 | N85: Deceased
A86: 85 | B86: Millan, Zulay | C86: Orange County | D86: Yes | E86: 575 | F86: 1.21 | G86: =E86*F86 -> 695.75 | I86: 0 | J86: =I86+G86 -> 695.75 | L86: 695.75 | M86: 695.75 | N86: Redemption received - defer
A87: 86 | B87: Miller, Claude | C87: Orlando-Orange County Expressway | E87: 0 | F87: 1.21 | G87: =E87*F87 -> 0 | I87: 0 | J87: =I87+G87 -> 0
A88: 87 | B88: Miller, Teresa | C88: Orange County BCC | D88: Yes | E88: 30 | F88: 1.21 | G88: =E88*F88 -> 36.3 | J88: =I88+G88 -> 36.3 | L88: 36.3 | M88: 36.3
A89: 88 | B89: Minnix, Beth | C89: Lake County Schools | E89: 0 | F89: 1.21 | G89: =E89*F89 -> 0 | I89: 0 | J89: =I89+G89 -> 0
A90: 89 | B90: Moore, Rebecca | C90: Florida Virtual School | E90: 0 | F90: 1.21 | G90: =E90*F90 -> 0 | I90: 0 | J90: =I90+G90 -> 0
A91: 90 | B91: Morten, Lautesha | C91: Osceola County BCC | E91: 0 | F91: 1.21 | G91: =E91*F91 -> 0 | I91: 0 | J91: =I91+G91 -> 0
A92: 91 | B92: Munday, Amy | C92: Lake County BCC | E92: 0 | F92: 1.21 | G92: =E92*F92 -> 0 | I92: 0 | J92: =I92+G92 -> 0
A93: 92 | B93: Mzee, Mursal | C93: Orange County Public Schools | E93: 0 | F93: 1.21 | G93: =E93*F93 -> 0 | I93: 0 | J93: =I93+G93 -> 0
A94: 93 | B94: Nellis, Jennifer | C94: City of Eustis | E94: 0 | F94: 1.21 | G94: =E94*F94 -> 0 | I94: 0 | J94: =I94+G94 -> 0
A95: 94 | B95: Olson, Cheryl | C95: Osceola County School District | D95: Yes | E95: 345 | F95: 1.21 | G95: =E95*F95 -> 417.45 | I95: 418.3 | J95: =I95+G95 -> 835.75 | K95: 48.55 | L95: 787.2 | M95: 787.2 | N95: Travel reimbursement submitted 10/16 - defer remaining balance
A96: 95 | B96: Parker, Edward | C96: Florida Virtual School | E96: 0 | F96: 1.21 | G96: =E96*F96 -> 0 | I96: 0 | J96: =I96+G96 -> 0
A97: 96 | B97: Parrish, R. Scott | C97: Orange County | E97: 0 | F97: 1.21 | G97: =E97*F97 -> 0 | I97: 0 | J97: =I97+G97 -> 0
A98: 97 | B98: Pearison, Megan | C98: Osceola County School District | D98: Yes | E98: 30 | F98: 1.21 | G98: =E98*F98 -> 36.3 | J98: =I98+G98 -> 36.3 | L98: 36.3 | M98: 36.3
A99: 98 | B99: Perry, Jacqui | C99: Seminole County Gov't | D99: Yes | E99: 220 | F99: 1.21 | G99: =E99*F99 -> 266.2 | I99: 191.35 | J99: =I99+G99 -> 457.55 | L99: 457.55 | M99: 457.55
A100: 99 | B100: Prosser, Rebecca | C100: School Board of Brevard County | E100: 0 | F100: 1.21 | G100: =E100*F100 -> 0 | I100: 0 | J100: =I100+G100 -> 0
...

Sheet CY 2010
B1: Member | C1: Agency | D1: 2010 Paid Member | E1: Total Points | F1: Value of Scholarship Points | G1: … | H1: 2010 Scholarship Earned | I1: Scholarship Used | J1: Amount Deferred | K1: Balance | L1: Comments
A2: 1 | B2: Ackley-Danielson, Julie | C2: Orange County | D2: Yes | E2: 150 | F2: 0.89 | H2: =F2*E2 -> 133.5 | I2: 133.5 | J2: 0 | K2: 0 | L2: FAPPO Spring Conference
A3: 2 | B3: Adams, Richard | C3: Florida Virtual School | D3: Yes | E3: 0 | F3: 0.89 | H3: =F3*E3 -> 0
A4: 3 | B4: Alvarez, Jill | C4: City of Lake Mary | D4: Yes | E4: 0 | F4: 0.89 | H4: =F4*E4 -> 0
A5: 4 | B5: Alvarez, Maria | C5: Orange County | D5: Yes | E5: 80 | F5: 0.89 | H5: =F5*E5 -> 71.2 | I5: 71.2 | J5: 0 | K5: 0 | L5: FAPPO Spring Conference
A6: 5 | B6: Au, Dottie | C6: Lake County Clerk of Court | D6: Yes | E6: 165 | F6: 0.89 | H6: =F6*E6 -> 146.85 | L6: Retiring 1/2012 - not using
A7: 6 | B7: Aviles, Luis | C7: UCF | D7: Yes | E7: 120 | F7: 0.89 | H7: =F7*E7 -> 106.8 | I7: 0 | J7: 106.8 | K7: 106.8 | L7: Deferred to 2012
A8: 7 | B8: Barden, Juanita | C8: City of Palm Bay | D8: Yes | E8: 55 | F8: 0.89 | H8: =F8*E8 -> 48.95 | J8: 48.95 | K8: 48.95 | L8: Deferred to 2012
A9: 8 | B9: Bass, Amanda | C9: Toho Water Authority | D9: Yes | E9: 0 | F9: 0.89 | H9: =F9*E9 -> 0
A10: 9 | B10: Bennett, Linda | C10: Lake County Schools | D10: Yes | E10: 0 | F10: 0.89 | H10: =F10*E10 -> 0
A11: 10 | B11: Bergman, Sally A. | C11: Orange County | D11: Yes | E11: 190 | F11: 0.89 | H11: =F11*E11 -> 169.1 | I11: 0 | J11: 169.1 | K11: 169.1 | L11: Deferred to 2012
A12: 11 | B12: Biddle, Belinda | C12: Orange County Public Schools | D12: Yes | E12: 0 | F12: 0.89 | H12: =F12*E12 -> 0
A13: 12 | B13: Bigalow, Kristine (Rumping) | C13: Osceola County School District | D13: Yes | E13: 210 | F13: 0.89 | H13: =F13*E13 -> 186.9 | I13: 0 | J13: 186.9 | K13: 186.9 | L13: Deferred to 2012
A14: 13 | B14: Billingsley, David M. | C14: City of Orlando | D14: Yes | E14: 130 | F14: 0.89 | H14: =F14*E14 -> 115.7 | I14: 0 | J14: 115.7 | K14: 115.7 | L14: Deferred to 2012
A15: 14 | B15: Blair, Susan | C15: City of Palm Bay | D15: Yes | E15: 345 | F15: 0.89 | H15: =F15*E15 -> 307.05 | I15: 0 | J15: 307.05 | K15: 307.05 | L15: Deferred to 2012
A16: 15 | B16: Blanton, Reba | C16: City of Winter Park | D16: Yes | E16: 0 | F16: 0.89 | H16: =F16*E16 -> 0
A17: 16 | B17: Boodram, Bibi | C17: Lake County Schools | D17: Yes | E17: 0 | F17: 0.89 | H17: =F17*E17 -> 0
A18: 17 | B18: Bradley, Robert | C18: Seminole County Gov't | D18: Yes | E18: 235 | F18: 0.89 | H18: =F18*E18 -> 209.15 | J18: 209.15 | K18: 209.15 | L18: Deferred to 2012
A19: 18 | B19: Bravo, Rufino (Mike) | C19: Orange County | D19: Yes | E19: 0 | F19: 0.89 | H19: =F19*E19 -> 0 | L19: Retired in 2010
A20: 19 | B20: Brown, Doug | C20: City of Port Orange | D20: Yes | E20: 0 | F20: 0.89 | H20: =F20*E20 -> 0
A21: 20 | B21: Brown, Kathy | C21: Osceola County School District | D21: Yes | E21: 0 | F21: 0.89 | H21: =F21*E21 -> 0
A22: 21 | B22: Brown-Gordon, Courtney | C22: Orlando-Orange County Expressway | D22: Yes | E22: 75 | F22: 0.89 | H22: =F22*E22 -> 66.75 | I22: 0 | J22: 66.75 | K22: 66.75 | L22: Deferred to 2012
A23: 22 | B23: Bruce, John | C23: City of Mount Dora | D23: Yes | E23: 0 | F23: 0.89 | H23: =F23*E23 -> 0
A24: 23 | B24: Bryan, Cynthia | C24: Kissimmee Utility Authority | D24: Yes | E24: 145 | F24: 0.89 | H24: =F24*E24 -> 129.05 | I24: 0 | J24: 129.05 | K24: 129.05 | L24: Exception granted to defer funds 1.23.12
A25: 24 | B25: Caddy, Mary | C25: Orange County Public Schools | D25: Yes | E25: 0 | F25: 0.89 | H25: =F25*E25 -> 0
A26: 25 | B26: Calkins, Fatima | C26: GOAA | D26: Yes | E26: 305 | F26: 0.89 | H26: =F26*E26 -> 271.45 | I26: 0 | J26: 271.45 | K26: 271.45 | L26: Deferred to 2012
A27: 26 | B27: Carson, Linda | C27: Orange County | D27: Yes | E27: 340 | F27: 0.89 | H27: =F27*E27 -> 302.6 | I27: 275 | J27: 27.6 | K27: 27.6 | L27: FAPPO Spring Conference
A28: 27 | B28: Ciraldo Hysell, Linda | C28: Osceola County School District | D28: Yes | E28: 35 | F28: 0.89 | H28: =F28*E28 -> 31.15 | I28: 0 | J28: 31.15 | K28: 31.15 | L28: Deferred to 2012
A29: 28 | B29: Cohen, Betsy | C29: Seminole County Gov't | D29: Yes | E29: 0 | F29: 0.89 | H29: =F29*E29 -> 0
A30: 29 | B30: Coleman, Ginny | C30: Orange County | D30: Yes | E30: 0 | F30: 0.89 | H30: =F30*E30 -> 0 | L30: Retired in 2011
A31: 30 | B31: Conley, Crystal | C31: City of Ocoee | D31: Yes | E31: 0 | F31: 0.89 | H31: =F31*E31 -> 0
A32: 31 | B32: Cooper, Roger | C32: City of Orlando | D32: Yes | E32: 0 | F32: 0.89 | H32: =F32*E32 -> 0
A33: 32 | B33: Coste, Silvia | C33: Orange County Clerk of Courts | D33: Yes | E33: 0 | F33: 0.89 | H33: =F33*E33 -> 0
A34: 33 | B34: Cromity, Louemma | C34: City of Casselberry | D34: Yes | E34: 0 | F34: 0.89 | H34: =F34*E34 -> 0
A35: 34 | B35: Davis, William (Perry) | C35: Orange County | D35: Yes | E35: 205 | F35: 0.89 | H35: =F35*E35 -> 182.45 | I35: 182.45 | J35: 0 | K35: 0 | L35: FAPPO Spring Conference
A36: 35 | B36: DeRostaing, Authur (Dino) | C36: GOAA | D36: Yes | E36: 240 | F36: 0.89 | H36: =F36*E36 -> 213.6 | I36: 0 | J36: 213.6 | K36: 213.6 | L36: Deferred to 2012
A37: 36 | B37: Dickerson, Richard | C37: Utilities Comm, New Smyrna Beach | D37: Yes | E37: 0 | F37: 0.89 | H37: =F37*E37 -> 0
A38: 37 | B38: Dover, Steveelee | C38: Utilities Comm, New Smyrna Beach | D38: Yes | E38: 0 | F38: 0.89 | H38: =F38*E38 -> 0
A39: 38 | B39: Dugan, Susan | C39: Lake County | D39: Yes | E39: 0 | F39: 0.89 | H39: =F39*E39 -> 0
A40: 39 | B40: Durrum II, Anthony | C40: City of Winter Park | D40: Yes | E40: 335 | F40: 0.89 | H40: =F40*E40 -> 298.15 | J40: 298.15 | K40: 298.15 | L40: Deferred to 2012
A41: 40 | B41: Elzy, Karen | C41: City of Orlando | D41: Yes | E41: 0 | F41: 0.89 | H41: =F41*E41 -> 0
A42: 41 | B42: Erlandson, Kellen | C42: Seminole County Gov't | D42: Yes | E42: 100 | F42: 0.89 | H42: =F42*E42 -> 89 | I42: 0 | J42: 89 | K42: 89 | L42: Deferred to 2012
A43: 42 | B43: Espinosa, Joseph (Tony) | C43: Small Bus Develop Ctr - UCF | D43: Yes | E43: 0 | F43: 0.89 | H43: =F43*E43 -> 0
A44: 43 | B44: Figueroa, Leticia | C44: Seminole County Gov't | D44: Yes | E44: 0 | F44: 0.89 | H44: =F44*E44 -> 0
A45: 44 | B45: Fisher, Caleb | C45: City of New Smyrna Beach | D45: Yes | E45: 0 | F45: 0.89 | H45: =F45*E45 -> 0
A46: 45 | B46: Flick, Joanne | C46: City of Daytona Beach | D46: Yes | E46: 0 | F46: 0.89 | H46: =F46*E46 -> 0
A47: 46 | B47: Foster, Dorothy | C47: City of Port Orange | D47: Yes | E47: 0 | F47: 0.89 | H47: =F47*E47 -> 0
A48: 47 | B48: Gant, Bruce | C48: GOAA | D48: Yes | E48: 215 | F48: 0.89 | H48: =F48*E48 -> 191.35 | I48: 0 | J48: 191.35 | K48: 191.35 | L48: Deferred to 2012
A49: 48 | B49: Garcia, Gloria | C49: Seminole County Gov't | D49: Yes | E49: 180 | F49: 0.89 | H49: =F49*E49 -> 160.2 | J49: 160.2 | K49: 160.2 | L49: Deferred to 2012
A50: 49 | B50: Gardner, Deborah | C50: Lake County Schools | D50: Yes | E50: 0 | F50: 0.89 | H50: =F50*E50 -> 0
A51: 50 | B51: Glatz, Keith | C51: City of Tamarac | D51: Yes | E51: 0 | F51: 0.89 | H51: =F51*E51 -> 0
A52: 51 | B52: Goldsmith, Malyssa | C52: Lake County Clerk of Court | D52: Yes | E52: 0 | F52: 0.89 | H52: =F52*E52 -> 0
A53: 52 | B53: Gordon, Dorothy | C53: Orange County | D53: Yes | E53: 220 | F53: 0.89 | H53: =F53*E53 -> 195.8 | I53: 75 | J53: 120.8 | K53: 120.8 | L53: FAPPO Spring Conference
A54: 53 | B54: Hayes, Pamela | C54: Lake County Schools | D54: Yes | E54: 0 | F54: 0.89 | H54: =F54*E54 -> 0
A55: 54 | B55: Hewitt, Carol | C55: Orange County | D55: Yes | E55: 95 | F55: 0.89 | H55: =F55*E55 -> 84.55 | J55: 84.55 | K55: 84.55 | L55: Deferred to 2012
A56: 55 | B56: Hobbs, Patrice (Patty) | C56: Orange County | D56: Yes | E56: 135 | F56: 0.89 | H56: =F56*E56 -> 120.15 | I56: 0 | J56: 120.15 | K56: 120.15 | L56: Deferred to 2012
A57: 56 | B57: Holmes, Felicia | C57: Osceola County | D57: Yes | E57: 0 | F57: 0.89 | H57: =F57*E57 -> 0
A58: 57 | B58: Hooper, Ray | C58: Seminole County Gov't | D58: Yes | E58: 215 | F58: 0.89 | H58: =F58*E58 -> 191.35 | J58: 191.35 | K58: 191.35 | L58: Deferred to 2012
A59: 58 | B59: Hopkins, Gary | C59: Volusia County School Board | D59: Yes | E59: 0 | F59: 0.89 | H59: =F59*E59 -> 0
A60: 59 | B60: Houle, Suzanne | C60: City of Deltona Fire Dept | D60: Yes | E60: 0 | F60: 0.89 | H60: =F60*E60 -> 0
A61: 60 | B61: Hunter, Bob | C61: Seminole County Gov't | D61: Yes | E61: 300 | F61: 0.89 | H61: =F61*E61 -> 267 | I61: 250 | L61: Advanced Purchasing Workshop
F62: 0.89 | I62: 17 | L62: Advanced Negotiation Workshop
A63: 61 | B63: Jeanes, Tracy | C63: City of Eustis | D63: Yes | E63: 0 | F63: 0.89 | H63: =F63*E63 -> 0
A64: 62 | B64: Jessee, Cheryl | C64: Osceola County School District | D64: Yes | E64: 115 | F64: 0.89 | H64: =F64*E64 -> 102.35 | I64: 0 | J64: 102.35 | K64: 102.35 | L64: Deferred to 2012
A65: 63 | B65: Johnson, Gale | C65: Orange County | D65: Yes | E65: 380 | F65: 0.89 | H65: =F65*E65 -> 338.2 | I65: 0 | J65: 338.2 | K65: 338.2 | L65: Deferred to 2012
A66: 64 | B66: Johnson, Robert | C66: Orlando-Orange County Expressway | D66: Yes | E66: 435 | F66: 0.89 | H66: =F66*E66 -> 387.15 | I66: 0 | J66: 387.15 | K66: 387.15 | L66: Deferred to 2012
A67: 65 | B67: Johnson, Roseann | C67: Lake County | D67: Yes | E67: 0 | F67: 0.89 | H67: =F67*E67 -> 0
A68: 66 | B68: Jones, Jennifer | C68: Brevard County Public Schools | D68: Yes | E68: 0 | F68: 0.89 | H68: =F68*E68 -> 0
A69: 67 | B69: Kesecker, Lisa | C69: Osceola County School District | D69: Yes | E69: 105 | F69: 0.89 | H69: =F69*E69 -> 93.45 | I69: 0 | J69: 93.45 | K69: 93.45 | L69: Deferred to 2012
A70: 68 | B70: Knoll, Randy | C70: GOAA | D70: Yes | E70: 140 | F70: 0.89 | H70: =F70*E70 -> 124.6 | I70: 0 | J70: 124.6 | K70: 124.6 | L70: Deferred to 2012
A71: 69 | B71: Kondash, Jennifer | C71: ELC of Brevard County | D71: Yes | E71: 0 | F71: 0.89 | H71: =F71*E71 -> 0
A72: 70 | B72: Lampman, Bruce | C72: GOAA | D72: Yes | E72: 0 | F72: 0.89 | H72: =F72*E72 -> 0
A73: 71 | B73: Lehosit, Erica | C73: Orange County | D73: Yes | E73: 30 | F73: 0.89 | H73: =F73*E73 -> 26.7 | I73: 0 | J73: 26.7 | K73: 26.7 | L73: Deferred to 2012
A74: 72 | B74: Lentz, Ruth | C74: Kissimmee Utility Authority | D74: Yes | E74: 0 | F74: 0.89 | H74: =F74*E74 -> 0
A75: 73 | B75: Lumsden, Adana | C75: Toho Water Authority | D75: Yes | E75: 0 | F75: 0.89 | H75: =F75*E75 -> 0
A76: 74 | B76: Lynch, Maureen | C76: Utilities Comm, New Smyrna Beach | D76: Yes | E76: 0 | F76: 0.89 | H76: =F76*E76 -> 0
A77: 75 | B77: Ma, Tammy | C77: GOAA | D77: Yes | E77: 0 | F77: 0.89 | H77: =F77*E77 -> 0
A78: 76 | B78: Marrozos, Gladys | C78: Seminole County Gov't | D78: Yes | E78: 170 | F78: 0.89 | H78: =F78*E78 -> 151.3 | I78: 0 | J78: 151.3 | K78: 151.3 | L78: Deferred to 2012
A79: 77 | B79: Marsala, Bobbye | C79: City of Palm Bay | D79: Yes | E79: 400 | F79: 0.89 | H79: =F79*E79 -> 356 | I79: 0 | J79: 356 | K79: 356 | L79: Deferred to 2012
A80: 78 | B80: Martinez, Miguel-Angel | C80: Florida Virtual School | D80: Yes | E80: 120 | F80: 0.89 | H80: =F80*E80 -> 106.8 | I80: 0 | J80: 0 | K80: 0 | L80: Lost funds / no redemption form
A81: 79 | B81: Mau, Terry | C81: Orange County Utilities | D81: Yes | E81: 0 | F81: 0.89 | H81: =F81*E81 -> 0
A82: 80 | B82: McCorkle, Theodora | C82: City of Orlando | D82: Yes | E82: 225 | F82: 0.89 | H82: =F82*E82 -> 200.25 | J82: 200.25 | K82: 200.25 | L82: Deferred to 2012
A83: 81 | B83: McDonald, Neil | C83: Osceola County School District | D83: Yes | E83: 115 | F83: 0.89 | H83: =F83*E83 -> 102.35 | I83: 0 | J83: 102.35 | K83: 102.35 | L83: Deferred to 2012
A84: 82 | B84: McNichols, Bill | C84: Brevard County Public Schools | D84: Yes | E84: 0 | F84: 0.89 | H84: =F84*E84 -> 0
A85: 83 | B85: Millan, Zulay | C85: Orange County | D85: Yes | E85: 80 | F85: 0.89 | H85: =F85*E85 -> 71.2 | I85: 71.2 | J85: 0 | K85: 0 | L85: CPPO Online Assessment
A86: 84 | B86: Miller, Claude | C86: Orlando-Orange County Expressway | D86: Yes | E86: 0 | F86: 0.89 | H86: =F86*E86 -> 0
A87: 85 | B87: Minnix, Beth | C87: Lake County Schools | D87: Yes | E87: 0 | F87: 0.89 | H87: =F87*E87 -> 0
A88: 86 | B88: Moore, Rebecca | C88: Florida Virtual School | D88: Yes | E88: 0 | F88: 0.89 | H88: =F88*E88 -> 0
A89: 87 | B89: Morten, Lautesha | C89: Osceola County BCC | D89: Yes | E89: 0 | F89: 0.89 | H89: =F89*E89 -> 0
A90: 88 | B90: Munday, Amy | C90: Lake County BCC | D90: Yes | E90: 0 | F90: 0.89 | H90: =F90*E90 -> 0
A91: 89 | B91: Mzee, Mursal | C91: Orange County Public Schools | D91: Yes | E91: 0 | F91: 0.89 | H91: =F91*E91 -> 0
A92: 90 | B92: Nellis, Jennifer | C92: City of Eustis | D92: Yes | E92: 0 | F92: 0.89 | H92: =F92*E92 -> 0
A93: 91 | B93: Olson, Cheryl | C93: Osceola County School District | D93: Yes | E93: 470 | F93: 0.89 | H93: =F93*E93 -> 418.3 | I93: 0 | J93: 418.3 | K93: 418.3 | L93: Deferred to 2012
A94: 92 | B94: Parker, Edward | C94: Florida Virtual School | D94: Yes | E94: 0 | F94: 0.89 | H94: =F94*E94 -> 0
A95: 93 | B95: Parrish, R. Scott | C95: Orange County | D95: Yes | E95: 5 | F95: 0.89 | H95: =F95*E95 -> 4.45 | I95: 0 | J95: 0 | K95: 0 | L95: Lost funds / no redemption form
A96: 94 | B96: Perry, Jacqui | C96: Seminole County Gov't | D96: Yes | E96: 215 | F96: 0.89 | H96: =F96*E96 -> 191.35 | J96: 191.35 | K96: 191.35 | L96: Deferred to 2012
A97: 95 | B97: Prosser, Rebecca | C97: School Board of Brevard County | D97: Yes | E97: 0 | F97: 0.89 | H97: =F97*E97 -> 0
A98: 96 | B98: Ramos, Nancy | C98: Florida Virtual School | D98: Yes | E98: 25 | F98: 0.89 | H98: =F98*E98 -> 22.25 | I98: 0 | J98: 0 | K98: 0 | L98: Lost funds / no redemption form
A99: 97 | B99: Reed, Diana | C99: Seminole County Gov't | D99: Yes | E99: 245 | F99: 0.89 | H99: =F99*E99 -> 218.05 | I99: 0 | J99: 218.05 | K99: 218.05 | L99: Deferred to 2012
A100: 98 | B100: Rewis, Christine | C100: Polk County BCC | D100: Yes | E100: 0 | F100: 0.89 | H100: =F100*E100 -> 0
...
